 Dungeon Crawl Stone Soup version 0.31-a0-1066-g35875b34c7 (webtiles) character file.

Game seed: 13636582803488471299

1443866 EnegeticOcto the Frost Mage (level 26, 120/120 HPs)
             Began as a Felid Chaos Knight on Nov 20, 2023.
             Was a Favourite Plaything of Xom.
             Escaped with the Orb
             ... and 3 runes on Nov 22, 2023!
             The game lasted 04:37:35 (96925 turns).

EnegeticOcto the Frost Mage (Felid Chaos Knight)   Turns: 96925, Time: 04:37:35

Health: 120/120    AC:  5    Str: 11    XL:     26   Next: 55%
Magic:  42/42      EV: 35    Int: 15    God:    Xom [..*...]
Gold:   3407       SH:  0    Dex: 27    Spells: 3/54 levels left
                                        Lives:  2   Deaths: 7

rFire   + +          .
                       - Unarmed
rCold   + + .        (shield unavailable)
rNeg    . . .        (body armour unavailable)
rPois   +            (helmet unavailable)
rElec   +            (cloak unavailable)
rCorr   +            (gloves unavailable)
SInv    +            (boots unavailable)
Will    +++++        K - amulet of regeneration
Stlth   +++          M - ring of poison resistance
HPRegen 1.20/turn    H - ring "Biuss" {Contam rElec rC+ Will+ rCorr, =R}
MPRegen 0.28/turn

%: no passive effects
@: maw-form, quick
A: devouring maw, very small, claws 1, fangs 3, see invisible, speed 1, shaggy
fur 3, stealthy paws, no weapons or thrown items, no armour, multi-lived, horns
2, iridescent scales 1, agile 1, fire resistance 2, strong-willed 1, strong 1,
MP-powered wands
0: Orb of Zot
}: 3/15 runes: barnacled, silver, gossamer
a: Begin Untransformation, Renounce Religion


You escaped.
You worshipped Xom.
You were a toy of Xom.
You were a creature with a mouth for a stomach.
You visited 10 branches of the dungeon, and saw 48 of its levels.
You visited the Abyss 1 time.
You also visited: Trove, Ossuary, Bailey and Gauntlet.

You collected 8882 gold pieces.
You spent 5475 gold pieces at shops.

Inventory:

Jewellery
 x - a ring of fire
   (You found it on level 12 of the Dungeon)
 z - an amulet of reflection
   (You took it off a kobold on level 8 of the Dungeon)
 A - the ring of Linearity {EV+5 Int+5}
   (You found it on level 5 of the Vaults)

   [ring of evasion]

   EV+5:      It affects your evasion (+5).
   Int+5:     It affects your intelligence (+5).
 H - the ring "Biuss" (right paw) {Contam rElec rC+ Will+ rCorr, =R}
   (You found it on level 9 of the Dungeon)

   [ring of protection from cold]

   rC+:       It protects you from cold.
   rElec:     It insulates you from electricity.
   Will+:     It increases your willpower.
   Contam:    It causes magical contamination when unequipped.
   rCorr:     It protects you from acid and corrosion.
 K - an amulet of regeneration (around neck)
   (You found it on level 4 of the Spider Nest)
 M - a ring of poison resistance (left paw)
   (You took it off a centaur warrior on level 13 of the Dungeon)
 N - the amulet of Taaff {Harm rN+ Regen+ Int-3 Stlth+}
   (You took it off a yaktaur captain on level 5 of the Vaults)

   [amulet of regeneration]

   Int-3:     It affects your intelligence (-3).
   rN+:       It protects you from negative energy.
   Regen+:    It increases your rate of health regeneration.
   Harm:      It increases damage dealt and taken.
   Stlth+:    It makes you more stealthy.
 O - a ring of protection from fire
   (You found it on level 1 of the Depths)
 P - a +4 ring of protection
   (You bought it in a shop on level 2 of the Vaults)
 S - the ring "Taipiad" {rCorr Str+3}
   (You found it on level 4 of the Spider Nest)

   [ring of resist corrosion]

   Str+3:     It affects your strength (+3).
   rCorr:     It protects you from acid and corrosion.
Talismans
 u - a dragon-blood talisman
   (You took it off Bai Suzhen on level 5 of the Vaults)
 W - a maw talisman (active)
   (You found it on level 1 of the Vaults)
Wands
 h - a wand of iceblast (29) {@v2}
   (You found it on level 1 of the Spider Nest)
 k - a wand of polymorph (31)
   (You bought it in a shop on level 2 of the Dungeon)
 p - a wand of digging (15) {@v3}
   (Xom gifted it to you on level 1 of the Orcish Mines)
 D - a wand of flame (55) {@v4}
   (You found it on level 1 of the Lair of Beasts)
 G - a wand of quicksilver (19) {@v1}
   (You found it on level 9 of the Dungeon)
 I - a wand of charming (27)
   (You found it on level 3 of the Lair of Beasts)
 J - a wand of mindburst (46)
   (You found it on level 3 of the Lair of Beasts)
Scrolls
 a - a scroll of butterflies
 c - 6 scrolls of amnesia
 e - 3 scrolls of revelation {@r5 !r}
 i - 4 scrolls of fear {!r}
 l - 9 scrolls of fog {!r}
 s - 3 scrolls of immolation
 t - 3 scrolls of teleportation {@r3 !r}
 w - 3 scrolls of blinking {@r4}
 F - 2 scrolls of silence {!r}
 L - 4 scrolls of torment
 X - 4 scrolls of poison
Potions
 b - 3 potions of magic
 d - 9 potions of lignification {@q6}
 f - 3 potions of ambrosia
 g - 5 potions of might {@q3 !q}
 j - 4 potions of enlightenment
 m - 3 potions of haste {@q4 !q}
 n - 7 potions of attraction
 q - 5 potions of resistance
 v - 9 potions of curing {@q1 !q}
 B - 3 potions of berserk rage
 C - 7 potions of brilliance
 R - a potion of cancellation
 Y - 4 potions of heal wounds {@q2 !q}
Miscellaneous
 o - a condenser vane
   (You found it on level 2 of the Spider Nest)
 E - a phial of floods
   (You bought it in a shop on level 2 of the Orcish Mines)
 U - a phantom mirror
   (You bought it in a shop on level 2 of the Dungeon)
 Z - a lightning rod (4/4)
   (You found it on level 13 of the Dungeon)


   Skills:
 - Level 14.9 Fighting
 - Level 14.9 Dodging
 - Level 14.9 Stealth
 - Level 14.9 Unarmed Combat
 - Level 14.9 Spellcasting
 + Level 13.2 Conjurations
 - Level 14.8 Hexes
 + Level 12.4 Necromancy
 - Level 14.9 Translocations
 - Level 14.0 Transmutations
 - Level 14.9 Ice Magic
 + Level 11.1 Air Magic
 - Level 4.0 Earth Magic
 - Level 14.9 Evocations
 - Level 14.9 Shapeshifting


You had 3 spell levels left.
You knew the following spells:

 Your Spells              Type           Power      Damage    Failure   Level
a - Ensorcelled Hibernat  Hex/Ice        100%       N/A       1%          2
b - Confusing Touch       Hex            53%        N/A       1%          3
c - Ozocubu's Armour      Ice            54%        N/A       1%          3
d - Freezing Cloud        Conj/Ice/Air   25%        6-21      1%          5
e - Apportation           Tloc           100%       N/A       0%          1
f - Tukima's Dance        Hex            53%        N/A       1%          3
g - Dispersal             Tloc           27%        N/A       1%          6
h - Cause Fear            Hex            26%        N/A       1%          4
i - Yara's Violent Unrav  Hex/Tmut       26%        3d11      1%          5
k - Lesser Beckoning      Tloc           100%       N/A       1%          2
l - Vhi's Electric Charg  Tloc/Air       100%       N/A       1%          4
m - Wereblood             Tmut           52%        N/A       1%          2
n - Dispel Undead         Necr           48%        3d18      1%          4
p - Passwall              Tmut/Erth      31%        N/A       1%          2
z - Irradiate             Conj/Tmut      25%        3d20      1%          5

Your spell library contained the following spells:

 Spells                   Type           Power      Damage    Failure   Level
 Freeze                   Ice            100%       1d10      0%          1
 Slow                     Hex            100%       N/A       0%          1
 Foxfire                  Conj/Fire      100%       2x1d9     1%          1
 Kiss of Death            Conj/Necr      100%       2d13      1%          1
 Magic Dart               Conj           100%       1d8       1%          1
 Necrotise                Necr           100%       1d9       1%          1
 Sandblast                Erth           46%        2d11      1%          1
 Sting                    Tmut/Pois      100%       1d8       1%          1
 Cigotuvi's Dreadful Rot  Necr/Pois/Air  68%        N/A       1%          2
 Momentum Strike          Conj/Tloc      100%       3d10      1%          2
 Poisonous Vapours        Pois/Air       54%        N/A       1%          2
 Sublimation of Blood     Necr           48%        N/A       1%          2
 Dazzling Flash           Conj/Hex       100%       N/A       1%          3
 Frozen Ramparts          Ice            100%       1d16      1%          3
 Gell's Gravitas          Tloc           54%        N/A       1%          3
 Hailstorm                Conj/Ice       52%        3d12      1%          3
 Inner Flame              Hex/Fire       33%        N/A       1%          3
 Mephitic Cloud           Conj/Pois/Air  35%        N/A       1%          3
 Sigil of Binding         Hex            53%        N/A       1%          3
 Stone Arrow              Conj/Erth      74%        3d11      1%          3
 Swiftness                Air            44%        N/A       1%          3
 Teleport Other           Tloc           54%        N/A       1%          3
 Vampiric Draining        Necr           48%        2d9       1%          3
 Volatile Blastmotes      Fire/Tloc      66%        2d15      1%          3
 Ignite Poison            Fire/Tmut/Pois 25%        N/A       2%          3
 Summon Small Mammal      Summ           44%        N/A       6%          1
 Call Imp                 Summ           22%        N/A       9%          2
 Scorch                   Fire           22%        2d5       9%          2
 Call Canine Familiar     Summ           11%        N/A       19%         3
 Anguish                  Hex/Necr       25%        N/A       1%          4
 Brom's Barrelling Bould  Conj/Erth      37%        2d6       1%          4
 Fulminant Prism          Conj/Hex       26%        3d13      1%          4
 Iskenderun's Mystic Bla  Conj/Tloc      52%        2d11      1%          4
 Leda's Liquefaction      Hex/Erth       19%        N/A       1%          4
 Passage of Golubria      Tloc           54%        N/A       1%          4
 Petrify                  Tmut/Erth      38%        N/A       1%          4
 Agony                    Necr           48%        N/A       1%          5
 Arcjolt                  Conj/Air       23%        1d33      1%          5
 Iskenderun's Battlesphe  Conj           50%        2d10      1%          5
 Metabolic Englaciation   Hex/Ice        27%        N/A       1%          5
 Silence                  Hex/Air        25%        N/A       1%          5
 Flame Wave               Conj/Fire      31%        2d9       3%          4
 Sticky Flame             Conj/Fire      31%        2d5       3%          4
 Simulacrum               Ice/Necr       25%        N/A       3%          6
 Borgnjor's Vile Clutch   Necr/Erth      17%        N/A       5%          5
 Summon Lightning Spire   Summ/Air       27%        N/A       6%          4
 Conjure Ball Lightning   Conj/Air       23%        3x3d6     6%          6
 Alistair's Intoxication  Tmut/Pois      21%        N/A       10%         5
 Fireball                 Conj/Fire      15%        3d8       11%         5
 Ozocubu's Refrigeration  Ice            27%        4d13      11%         7
 Enfeeble                 Hex            26%        N/A       12%         7
 Orb of Destruction       Conj           25%        9d9       22%         7
 Eringya's Noxious Bog    Tmut/Pois      16%        4d6       45%         6
 Starburst                Conj/Fire      15%        6d6       52%         6
 Discord                  Hex            26%        N/A       65%         8
 Disjunction              Tloc           27%        N/A       65%         8
 Plasma Beam              Fire/Air       13%        2x1d24    67%         6
 Malign Gateway           Summ/Tloc      16%        N/A       93%         7
 Spellforged Servitor     Conj/Summ      15%        N/A       97%         7
 Maxwell's Capacitive Co  Air            22%        ∞         98%         8
 Summon Cactus Giant      Summ           5%         N/A       100%        6
 Ignition                 Fire           5%         3d4       100%        8
 Lehudib's Crystal Spear  Conj/Erth      18%        10d6      100%        8
 Chain Lightning          Conj/Air       23%        3d31      100%        9
 Dragon's Call            Summ           5%         N/A       100%        9
 Fire Storm               Conj/Fire      15%        8d4       100%        9
 Shatter                  Erth           11%        3d12*     100%        9
 Dimensional Bullseye     Hex/Tloc       Unusable   N/A       N/A         4
 Animate Armour           Summ/Erth      Unusable   N/A       N/A         4

Dungeon Overview and Level Annotations

Branches:
Dungeon (15/15)            Temple (0/1) D:7            Lair (5/5) D:11
 Shoals (4/4) Lair:2       Spider (4/4) Lair:2        Slime (0/5) Lair:5
    Orc (2/2) D:12            Elf (3/3) Orc:2        Vaults (5/5) D:14
  Crypt (1/3) Vaults:3     Depths (4/4) D:15            Zot (5/5) Depths:4
Ossuary (visited)          Bailey (visited)         Gauntlet (visited)

Altars:
Dithmenos
Gozag
Nemelex Xobeh
Okawaru
Qazlal
Ru
Sif Muna
Trog
Uskayaw
Vehumet
Xom
Zin
Jiyva

Shops:
D:2 *   D:5 (   Orc:1 :   Orc:2 :=**   Vaults:2 [:*   Vaults:4 ([

Portals:
Hell: Depths:1 Depths:2 Depths:3 Depths:4
Abyss: Depths:3
Pandemonium: Depths:2 Depths:4
Ziggurat: Depths:3

Annotations:
Spider:3 1 runed translucent door, exclusion: door, Lusmu's ghost, adept OpVM
Elf:1 exclusion: door
Elf:2 exclusions: dancing weapon and door
Crypt:1 2 transporters, Vaufon's ghost, veteran GrFi
Depths:3 1 runed translucent door, exclusion: door, Ruycyam's ghost, veteran TeGl
Zot:5 2 exclusions


Innate Abilities, Weirdness & Mutations

You are a creature with a mouth for a stomach.
Your midsection houses a second, enormous mouth.
You have sharp claws.
You have razor-sharp teeth.
You have supernaturally acute eyesight. (SInv)
You cover ground quickly. (Speed+)
Your thick and shaggy fur keeps you warm. (AC +3, rC+)
Your paws help you pounce on unaware monsters.
You are incapable of wielding weapons or throwing items.
You cannot wear armour.
You gain extra lives every three experience levels.
You have a pair of horns on your head.
You are partially covered in iridescent scales. (AC +2)
You are agile. (Dex +4, Str/Int -1)
Your flesh is very heat resistant. (rF++)
You are strong-willed. (Will+)
Your muscles are strong. (Str +4, Int/Dex -1)
You expend magic power (3 MP) to strengthen your wands.


Message History

You feel yourself speed up.
(D) Dungeon (T) Temple (L) Lair (A) Shoals (N) Spider Nest (M) Slime Pits (O) Orcish Mines (E) Elven Halls (V) Vaults (C) Crypt (U) Depths (H) Hell (Z) Zot
Where to? (Tab/Enter - D:1 @ (x,y), ? - help)
Things that are here:
a +0 ring mail; a +0 falchion
There is a stone staircase leading up here.
You climb upwards.
There is a stone staircase leading down here.
There is a stone staircase leading up here.
You climb upwards.
There is a stone staircase leading down here.
Things that are here:
a +0 giant spiked club; a +0 giant spiked club You see here 6 stones.
Things that are here:
a +2 ring mail of fire resistance; a +0 long sword
There is a stone staircase leading up here.
Your extra speed is starting to run out.
You climb upwards.
There is a stone staircase leading down here.
You see here 4 curare-tipped darts.
You feel yourself slow down.
There is a stone staircase leading up here.
You climb upwards.
Your magical contamination has completely faded away.
There is a stone staircase leading down here.
There is an open door here.
Xom complains about the scenery.
Several doors slam shut!
You are now a toy of Xom.
(D) Dungeon (T) Temple (L) Lair (A) Shoals (N) Spider Nest (M) Slime Pits (O) Orcish Mines (E) Elven Halls (V) Vaults (C) Crypt (U) Depths (H) Hell (Z) Zot
Where to? (Tab/Enter - D:1 @ (x,y), ? - help)
Okay, then.
Really quaff
m - 5 potions of haste {@q4 !q}?
You feel yourself speed up.
(D) Dungeon (T) Temple (L) Lair (A) Shoals (N) Spider Nest (M) Slime Pits (O) Orcish Mines (E) Elven Halls (V) Vaults (C) Crypt (U) Depths (H) Hell (Z) Zot
Where to? (Tab/Enter - D:1 @ (x,y), ? - help) HP restored.
There is a stone staircase leading up here.
You climb upwards.
There is a stone staircase leading down here.
Magic restored.
There is a stone staircase leading up here.
You climb upwards.
There is a stone staircase leading down here.
There is a stone staircase leading up here.
You climb upwards.
Your extra speed is starting to run out.
There is a stone staircase leading down here.
You see here a +0 spear.
You feel yourself slow down.
There is a stone staircase leading up here.
You climb upwards.
There is a stone staircase leading down here.
There is a stone staircase leading up, spattered with blood here.
There is a stone staircase leading up here.
You climb upwards.
There is a stone staircase leading down here.
A Brimstone Fiend comes into view.
Really quaff
m - 4 potions of haste {@q4 !q}?
You feel yourself speed up. The Brimstone Fiend gestures at you.
The sphere of damnation explodes!
The damnation engulfs you!!!
(D) Dungeon (T) Temple (L) Lair (A) Shoals (N) Spider Nest (M) Slime Pits (O) Orcish Mines (E) Elven Halls (V) Vaults (C) Crypt (U) Depths (H) Hell (Z) Zot
Where to? (Tab/Enter - D:1 @ (x,y), ? - help)
There is a stone staircase leading up here.
You climb upwards.
There is a stone staircase leading down here.
There is a stone staircase leading up here.
You climb upwards.
There is a stone staircase leading down here.
There is a stone staircase leading up here.
You climb upwards.
There is a stone staircase leading down here.
There is a stone staircase leading up here.
You climb upwards.
Your extra speed is starting to run out.
There is a stone staircase leading down here.
You feel yourself slow down.
HP restored.
Things that are here:
2 stones; a +0 short sword
There is an open door here.
You open the door.
There is an open door here.
There is a staircase leading out of the dungeon here.
Unknown command.
You have escaped!

#......##.# #.# #.....#
..........# ##.# #.....#
)...#########.## #.....# ....#
##...# ####### ....# ##.#..#
....# #.#..## ....# ####..#
##..##########'###
#........##....W################
#..##....##.....'...............
#)>##.#####.....################
#...†....######## #.###.#######
#### ### ## ##.....# #..# #..#
##.###. >......####..######..#
#...### ##.###.....rg........#
#.#.... #.# ######..####r..##
#...###


There were no monsters in sight!

Vanquished Creatures
  A dread lich (Vaults:5)
  An orb of fire (Depths:4)
  Mara (Depths:2)
  Vv (Crypt:1)
  A Killer Klown (Zot:5)
  Xtahua (Depths:4)
  A curse toe (Zot:1)
  A caustic shrike (Zot:1)
  3 golden dragons
  the Enchantress (Depths:4)
  Nikola (Depths:1)
  Arachne (Spider:4)
  8 tentacled monstrosities
  Zenata (Crypt:1)
  2 deep elf master archers (Elf:3)
  4 liches
  5 Orb Guardians
  A walking earthen tome (Depths:3)
  An ancient champion (Crypt:1)
  3 quicksilver dragons
  2 deep elf blademasters (Elf:3)
  3 titans (Vaults:5)
  3 death cobs
  Frances (D:12)
  An Executioner (Depths:1)
  2 sphinxes
  A tentacled starspawn (Abyss:4)
  8 tengu reavers
  Kirke (D:14)
  6 draconian monks
  Aizul (Spider:4)
  6 shadow dragons
  Ilsuiw (Shoals:3)
  9 storm dragons
  8 fire giants
  6 draconian knights
  An azure jelly (Spider:3)
  7 frost giants
  4 emperor scorpions
  3 draconian scorchers
  7 deep elf sorcerers
  3 deep elf elementalists (Elf:3)
  Louise (Shoals:1)
  8 ghost moths
  3 iron dragons
  17 vault wardens
  A balrug (Depths:4)
  2 orc warlords
  3 draconian shifters (Zot:1)
  A ghoul (Crypt:1)
  9 broodmothers
  30 ironbound preservers
  A war gargoyle (Vaults:5)
  9 spriggan defenders
  3 draconian annihilators
  8 ironbound thunderhulks
  A reaper (Crypt:1)
  17 stone giants
  3 formless jellyfish
  13 very ugly things
  3 vampire knights
  3 green draconians (Zot:1)
  6 deep elf annihilators (Elf:3)
  6 deep elf demonologists
  A minotaur (Lair:4)
  6 purple draconians
  5 black draconians
  8 white draconians
  Azrael (Orc:2)
  11 dire elephants
  4 red draconians
  2 yellow draconians (Zot:1)
  14 spark wasps
  15 ettins
  6 deep elf death magi
  2 eidola (Crypt:1)
  4 merfolk javelineers
  A jiangshi (Crypt:1)
  4 deep elf high priests
  A quicksilver dragon zombie (D:15)
  7 entropy weavers
  Josephine (Orc:1)
  6 great orbs of eyes
  A rakshasa (D:15)
  2 merfolk impalers
  19 yaktaur captains
  9 ice dragons
  14 fire dragons
  36 vault guards
  The ghost of kskgo the Nimble, a journeyman DjFE of Lugonu (D:13)
  8 spriggan air magi
  3 merfolk avatars
  A peacekeeper (Vaults:2)
  5 hydras
  Erolcha (D:12)
  2 radroaches (Spider:3)
  An Orb Guardian zombie (Crypt:1)
  2 jorogumos
  3 ogre magi
  An alligator snapping turtle (Shoals:4)
  13 centaur warriors
  A spriggan skeleton (Abyss:4)
  A catoblepas (Lair:2)
  13 ironbound frosthearts
  5 boulder beetles
  6 satyrs
  3 merfolk aquamancers (Shoals:4)
  A sphinx zombie (D:15)
  14 two-headed ogres
  A death knight (D:14)
  8 deep troll shamans
  7 vampire magi
  6 demonic crawlers
  A naga warrior (D:13)
  2 orc high priests
  6 tengu warriors
  2 occultists
  2 death yaks
  13 spriggan berserkers
  20 dancing weapons
  6 deep troll earth magi
  14 deep elf knights
  A wretched star (Abyss:3)
  16 hell knights
  4 skysharks
  Nergalle (Orc:1)
  3 sun demons
  2 sixfirhies (Depths:2)
  10 pharaoh ants
  5 iron trolls
  A skyshark (shapeshifter) (Depths:1)
  8 skeletal warriors
  A shadow wraith (Crypt:1)
  2 sun moths (Spider:3)
  A goliath frog (Depths:4)
  A spatial maelstrom (Abyss:4)
  A golden dragon zombie (Depths:2)
  2 flayed ghosts
  94 deep trolls
  A glowing orange brain (shapeshifter) (Vaults:5)
  8 sea snakes
  16 orb spiders
  11 lindwurms
  6 glowing orange brains
  17 phantasmal warriors
  11 arcanists
  A spriggan simulacrum (Depths:2)
  23 ironbound convokers
  A shadow dragon zombie (Crypt:1)
  5 steelbarb worms
  10 harpies
  6 orc knights
  4 oklob plants (Lair:2)
  19 wolf spiders
  25 deep elf pyromancers
  10 necromancers
  5 deep elf archers
  A wolf spider (shapeshifter) (D:13)
  5 orc sorcerers
  2 shining eyes (Depths:3)
  A shadow dragon skeleton (Crypt:1)
  26 deep elf zephyrmancers
  33 ugly things
  A golden dragon skeleton (Depths:2)
  A mana viper (Spider:2)
  15 manticores
  22 fauns
  30 elephants
  8 cyclopes
  5 moths of wrath
  A large abomination (Abyss:3)
  A water nymph (shapeshifter) (Depths:2)
  6 black mambas
  A guardian serpent (Vaults:3)
  9 merfolk sirens
  7 water nymphs
  2 orange demons
  Joseph (Lair:1)
  17 vault sentinels
  11 cane toads
  2 smoke demons (Abyss:4)
  Maggie (Lair:2)
  A hellion (Depths:2)
  2 centaur skeletons (Crypt:1)
  5 torpor snails
  2 gargoyles
  A rime drake (Lair:5)
  8 komodo dragons
  An efreet (D:14)
  2 tormentors
  An unseen horror (D:10)
  2 unseen horrors (shapeshifter) (D:14)
  A yaktaur (shapeshifter) (Shoals:3)
  3 kobold demonologists
  A rime drake (shapeshifter) (D:15)
  5 freezing wraiths
  3 tengu conjurers (Depths:2)
  28 yaktaurs
  6 trolls
  A harpy skeleton (Crypt:1)
  3 polar bears (Lair:5)
  A meliai (shapeshifter) (Abyss:4)
  24 merfolk
  8 meliai
  A polar bear (shapeshifter) (D:14)
  4 wind drakes
  10 hornets
  16 blink frogs
  21 tarantellas
  A glass eye (Depths:2)
  3 spriggan zombies
  Prince Ribbit (Lair:3)
  A culicivora zombie (Crypt:1)
  An ettin zombie (Crypt:1)
  11 snapping turtles
  2 fire dragon skeletons (Crypt:1)
  15 dream sheep
  18 culicivoras
  A vampire (D:11)
  16 slime creatures
  A culicivora (shapeshifter) (Vaults:2)
  40 jumping spiders
  14 water elementals
  3 air elementals (Elf:3)
  6 flying skulls (Crypt:1)
  23 spriggans
  Sigmund (D:4)
  An ettin skeleton (Crypt:1)
  9 wraiths
  A centaur simulacrum (D:13)
  3 wyverns
  4 basilisks
  31 yaks
  5 fire elementals
  6 steam dragons
  A chaos spawn (Abyss:4)
  4 hogs (D:14)
  63 redbacks
  8 vampire mosquitoes (D:12)
  7 wargs
  2 spatial vortices (Abyss:4)
  2 small abominations
  6 hell hounds
  11 water moccasins
  2 acid dragons
  A sky beast (D:6)
  A cane toad skeleton (Crypt:1)
  A glowing shapeshifter zombie (Depths:2)
  A snapping turtle zombie (Crypt:1)
  A swamp dragon zombie (Crypt:1)
  3 black bears
  4 ice beasts
  34 orc warriors
  2 swamp drakes
  13 boggarts
  A boggart (shapeshifter) (Vaults:5)
  21 wolves
  7 ogres
  A phantom (D:6)
  5 centaurs
  An elephant skeleton (Crypt:1)
  A bullfrog (shapeshifter) (Vaults:5)
  11 bullfrogs
  An elf zombie (Ossuary)
  7 kobold brigands
  3 gnoll sergeants
  2 necrophages (Crypt:1)
  6 earth elementals
  A scorpion (D:6)
  7 wights
  4 electric eels
  5 howler monkeys
  2 centaur zombies (Ossuary)
  A quasit (Abyss:4)
  3 hounds
  A gnoll bouda (D:5)
  17 orc priests
  5 jellies
  A human zombie (Ossuary)
  7 hell rats (Lair:3)
  2 iguanas
  22 orc wizards
  A hound skeleton (D:3)
  2 mummies (Ossuary)
  9 adders
  17 gnolls
  A river rat (Lair:3)
  3 shadow imps
  A white imp (D:6)
  An adder skeleton (D:3)
  A dart slug (D:5)
  84 orcs
  8 endoplasms
  A giant cockroach (D:1)
  12 goblins
  10 hobgoblins
  7 jackals
  2 quokkas (D:1)
  9 ball pythons
  A ball python zombie (D:3)
  6 bats
  6 frilled lizards
  A giant cockroach zombie (D:3)
  A goblin zombie (Ossuary)
  9 hobgoblin zombies (Ossuary)
  40 kobolds
  8 kobold zombies (Ossuary)
  6 orc zombies (Ossuary)
  A quokka skeleton (D:3)
  A rat (D:1)
2105 creatures vanquished.

Vanquished Creatures (collateral kills)
  Saint Roka (Vaults:1)
  Bai Suzhen (Vaults:5)
  A bone dragon (Abyss:4)
  2 tentacled monstrosities (Zot:1)
  A death cob (Zot:1)
  2 draconian knights (Zot:1)
  2 draconian scorchers (Zot:1)
  2 vault wardens (Vaults:3)
  3 ironbound preservers
  2 draconian stormcallers (Zot:1)
  An ironbound thunderhulk (Vaults:2)
  A broodmother (Spider:1)
  A green draconian (Zot:1)
  2 black draconians (Zot:1)
  A yellow draconian (Zot:1)
  A spark wasp (Spider:4)
  2 white draconians (Zot:1)
  2 ettins
  2 vault guards (Vaults:5)
  An ice dragon (Depths:4)
  A rakshasa (Abyss:4)
  2 satyrs (Shoals:4)
  A centaur warrior (Vaults:2)
  A spriggan berserker (Elf:3)
  An orc high priest (Orc:2)
  2 pharaoh ants (Spider:4)
  A wretched star (Abyss:4)
  A skyshark (Shoals:2)
  2 orb spiders
  A large abomination (Abyss:4)
  An ironbound convoker (Vaults:2)
  An orc knight (Orc:2)
  A cyclops (Shoals:2)
  3 fauns (Shoals:2)
  2 elephants
  2 merfolk sirens
  A moth of wrath (Zot:1)
  A black mamba (Lair:1)
  An efreet (D:14)
  A troll (Orc:1)
  4 merfolk
  2 tarantellas
  A culicivora (Spider:3)
  A yak (Lair:1)
  2 redbacks
  A wyvern (D:8)
  5 orc warriors
  A small abomination (Abyss:4)
  A kobold brigand (D:8)
  An orc wizard (Orc:1)
  5 orcs
  A goblin (D:8)
83 creatures vanquished.

Vanquished Creatures (others)
  A death cob (Zot:1)
  A deep elf sorcerer (Elf:3)
  A draconian scorcher (Zot:1)
  A ghost moth (Zot:1)
  2 very ugly things (Vaults:5)
  A yellow draconian (Zot:1)
  A red draconian (Zot:1)
  A deep elf high priest (Depths:1)
  A jorogumo (Spider:1)
  A deep troll (Vaults:2)
  2 ironbound convokers
  An orc knight (Orc:2)
  A faun (Shoals:4)
  A culicivora (Spider:2)
  2 jumping spiders
  23 dancing weapons
  A wraith (D:12)
  A human (D:14)
  A fire elemental (Elf:3)
  A small abomination (Abyss:4)
  A sky beast (D:6)
  2 ogres
  A kobold brigand (D:6)
  A scorpion (D:6)
  A human zombie (Ossuary)
  3 centaur zombies (Ossuary)
  An orc wizard (Orc:2)
  An adder zombie (Ossuary)
  3 orcs
  2 kobold zombies (Ossuary)
  An orc zombie (Ossuary)
  A rat zombie (Ossuary)
  2 starspawn tentacles (Abyss:4)
65 creatures vanquished.

Grand Total: 2253 creatures vanquished

Notes
Turn   | Place    | Note
-------+----------+-------------------------------------------
     0 | D:1      | EnegeticOcto the Felid Chaos Knight began the quest for the
                  | Orb.
     0 | D:1      | Reached XP level 1. HP: 10/10 MP: 2/2
    19 | D:1      | XOM: divination: detect items
   103 | D:1      | Reached skill level 1 in Stealth
   116 | D:1      | Reached skill level 2 in Stealth
   219 | D:1      | Reached XP level 2. HP: 4/14 MP: 3/3
   365 | D:1      | Reached skill level 3 in Stealth
   406 | D:1      | XOM is BORED!
   406 | D:1      | XOM: noise
   489 | D:1      | XOM: silly message
   781 | D:1      | Reached XP level 3. HP: 17/17 MP: 4/4
   827 | D:1      | XOM: noise
  1049 | D:2      | XOM: give mutations
  1049 | D:2      | Gained mutation: You are dopey. (Int -2) [Xom's mischief]
  1049 | D:2      | Gained mutation: You possess an exceptional clarity of
                  | mind. [Xom's mischief]
  1049 | D:2      | Gained mutation: Your magical capacity is low. (-10% MP)
                  | [Xom's mischief]
  1049 | D:2      | Gained mutation: You are vulnerable to heat. (rF-) [Xom's
                  | mischief]
  1058 | D:2      | Found a faded altar of an unknown god.
  1105 | D:2      | Found Doecw's General Store.
  1111 | D:2      | Bought a potion of might for 40 gold pieces
  1181 | D:2      | Reached skill level 4 in Dodging
  1571 | D:2      | XOM: summons 3 hostile shadow creatures
  1722 | D:3      | Found Zin's Purification Station.
  1725 | D:3      | Found a glowing silver altar of Zin.
  1793 | D:3      | Reached XP level 4. HP: 21/21 MP: 4/4
  1949 | D:3      | Reached skill level 4 in Unarmed Combat
  2019 | D:3      | Reached skill level 5 in Dodging
  2105 | D:2      | Bought a wand of polymorph (3) for 42 gold pieces
  2198 | D:3      | Reached XP level 5. HP: 19/24 MP: 5/5
  2296 | D:3      | XOM: give mutations
  2296 | D:3      | Lost mutation: You possess an exceptional clarity of mind.
                  | [Xom's mischief]
  2296 | D:3      | Gained mutation: Your flesh is cold resistant. (rC+) [Xom's
                  | mischief]
  2504 | D:3      | XOM: give mutations
  2504 | D:3      | Gained mutation: You possess an exceptional clarity of
                  | mind. [Xom's mischief]
  2504 | D:3      | Gained mutation: You are robust. (+10% HP) [Xom's mischief]
  2504 | D:3      | Gained mutation: Your flesh is very cold resistant. (rC++)
                  | [Xom's mischief]
  2630 | D:3      | XOM: summons 3 hostile demons
  2678 | D:3      | XOM: silly message
  2799 | D:4      | XOM: summons 3 hostile demons
  2940 | D:4      | XOM is BORED!
  2940 | D:4      | XOM: summons 2 hostile demons
  2995 | D:4      | Found a sand-covered staircase.
  3000 | Ossuary  | Entered an ossuary
  3045 | Ossuary  | XOM: give mutation
  3045 | Ossuary  | Gained mutation: You are partially covered in iridescent
                  | scales. (AC +2) [Xom's grace]
  3069 | Ossuary  | XOM: cloud trail
  3181 | Ossuary  | XOM: fake destruction
  3185 | Ossuary  | XOM: divine lightning
  3186 | Ossuary  | Reached skill level 5 in Unarmed Combat
  3194 | Ossuary  | Gained mutation: You are covered in thick fur. (AC +2)
                  | [Felid growth]
  3194 | Ossuary  | Reached XP level 6. HP: 30/30 MP: 6/6
  3199 | Ossuary  | XOM: destruction
  3373 | Ossuary  | Reached skill level 4 in Fighting
  3373 | Ossuary  | XOM: divine lightning
  3450 | Ossuary  | Lost mutation: You possess an exceptional clarity of mind.
                  | [potion of mutation]
  3450 | Ossuary  | Lost mutation: Your flesh is very cold resistant. (rC++)
                  | [potion of mutation]
  3450 | Ossuary  | Lost mutation: You are partially covered in iridescent
                  | scales. (AC +2) [potion of mutation]
  3450 | Ossuary  | Lost mutation: Your magical capacity is low. (-10% MP)
                  | [potion of mutation]
  3549 | D:4      | XOM: enchant monster (good)
  3659 | D:4      | Noticed Sigmund
  3729 | D:3      | XOM: summons 3 hostile demons
  3855 | D:4      | XOM: summons 4 hostile demons
  3956 | D:4      | Killed Sigmund
  3957 | D:4      | Reached skill level 5 in Fighting
  3957 | D:4      | Reached XP level 7. HP: 27/36 MP: 8/8
  4259 | D:5      | Entered Level 5 of the Dungeon
  4266 | D:5      | Reached skill level 1 in Evocations
  4364 | D:4      | XOM: stat loss: -1 Int (9/11)
  4393 | D:3      | Bought a potion of curing for 90 gold pieces
  4464 | D:5      | Found Dututag's Weapon Emporium.
  4519 | D:5      | Found a shimmering blue altar of Sif Muna.
  4653 | D:5      | Found a sacrificial altar of Ru.
  4694 | D:5      | Reached skill level 6 in Dodging
  4694 | D:5      | Reached skill level 4 in Stealth
  5216 | D:5      | Found an opulent altar of Gozag.
  5261 | D:6      | Noticed a steam dragon
  5264 | D:6      | Killed a steam dragon
  5265 | D:6      | Reached skill level 2 in Evocations
  5323 | D:6      | Reached skill level 6 in Unarmed Combat
  5383 | D:6      | XOM: swap monsters
  5384 | D:6      | XOM: summons 1 hostile demon
  5385 | D:6      | Reached skill level 5 in Stealth
  5385 | D:6      | Reached skill level 3 in Evocations
  5385 | D:6      | Reached XP level 8. HP: 40/40 MP: 9/9
  5464 | D:5      | XOM: butterfly on damage
  5468 | D:5      | XOM: stat loss: -1 Int (10/11)
  5470 | D:5      | XOM: enchant monster (bad)
  5478 | D:5      | XOM: give mutations
  5478 | D:5      | Lost mutation: Your flesh is cold resistant. (rC+) [Xom's
                  | mischief]
  5478 | D:5      | Lost mutation: You are dopey. (Int -2) [Xom's mischief]
  5478 | D:5      | Gained mutation: Your muscles are strong. (Str +4, Int/Dex
                  | -1) [Xom's mischief]
  5478 | D:5      | Gained mutation: You have a pair of small horns on your
                  | head. [Xom's mischief]
  5645 | D:6      | XOM: summons 5 hostile demons
  5727 | D:6      | Learned a level 3 spell: Confusing Touch
  5765 | D:6      | Reached skill level 1 in Hexes
  5929 | D:5      | Reached skill level 7 in Dodging
  6125 | D:6      | XOM: silly message
  6160 | D:6      | XOM: confuse monster(s)
  6170 | D:6      | Reached skill level 2 in Hexes
  6192 | D:5      | XOM: noise
  6307 | D:6      | Reached skill level 3 in Hexes
  6307 | D:6      | Reached skill level 4 in Evocations
  6389 | D:6      | Reached skill level 8 in Dodging
  6389 | D:6      | Reached skill level 7 in Unarmed Combat
  6389 | D:6      | Reached skill level 4 in Hexes
  6575 | D:6      | Found a shimmering altar of Xom.
  6588 | D:6      | XOM: scenery: create altars
  6727 | D:6      | XOM: scenery: summon butterflies
  6750 | D:6      | Reached skill level 5 in Hexes
  6750 | D:6      | Reached XP level 9. HP: 32/44 MP: 7/10
  7108 | D:6      | Learned a level 4 spell: Cause Fear
  7144 | D:7      | Found a staircase to the Ecumenical Temple.
  7173 | D:7      | Identified the +1 hat of Aperaecu {Regen+ Str+3}
  7173 | D:7      | XOM: enchant monster (good)
  7175 | D:7      | Reached skill level 9 in Dodging
  7175 | D:7      | Reached skill level 6 in Hexes
  7267 | D:7      | Reached skill level 1 in Spellcasting
  7449 | D:7      | Found a hide-covered altar of Uskayaw.
  7507 | D:7      | XOM: polymorph centaur -> swamp drake
  7518 | D:7      | XOM: enchant monster (good)
  7658 | D:6      | Learned a level 2 spell: Ensorcelled Hibernation
  7683 | D:7      | XOM: give mutation
  7683 | D:7      | Gained mutation: You are agile. (Dex +4, Str/Int -1) [Xom's
                  | grace]
  7711 | D:7      | Reached skill level 2 in Spellcasting
  7743 | D:7      | Reached skill level 8 in Unarmed Combat
  7799 | D:7      | XOM: give mutation
  7799 | D:7      | Gained mutation: Your spells are a little harder to cast,
                  | but a little more powerful. [Xom's grace]
  7867 | D:7      | XOM: god gift: 57 gold pieces
  7994 | D:7      | Reached skill level 7 in Hexes
  8211 | D:7      | Reached skill level 1 in Ice Magic
  8417 | D:8      | XOM: god gift: scroll of teleportation
  8438 | D:8      | Noticed a two-headed ogre
  8444 | D:8      | XOM: summons friendly white imp
  8455 | D:8      | Killed a two-headed ogre
  8456 | D:8      | Reached skill level 8 in Hexes
  8456 | D:8      | Reached skill level 2 in Ice Magic
  8456 | D:8      | Reached XP level 10. HP: 35/49 MP: 3/14
  8570 | D:8      | Found a shadowy altar of Dithmenos.
  8586 | D:8      | Found a flagged portal.
  8599 | Bailey   | Entered a bailey
  8604 | Bailey   | Noticed an orc warlord
  8651 | Bailey   | XOM: summons 3 friendly demons
  8668 | Bailey   | XOM: polymorph orc warrior -> swamp drake
  8674 | Bailey   | Reached skill level 10 in Dodging
  8708 | Bailey   | XOM: potion effect (berserk rage)
  8713 | Bailey   | Reached skill level 6 in Fighting
  8771 | Bailey   | Found a runed translucent gate.
  8773 | Bailey   | Found a runed translucent gate.
  8775 | Bailey   | Found a runed translucent gate.
  8776 | Bailey   | Reached skill level 9 in Fighting
  8776 | Bailey   | Reached skill level 11 in Unarmed Combat
  8776 | Bailey   | Reached XP level 11. HP: 58/58 MP: 15/15
  9079 | Bailey   | XOM: potion effect (magic)
  9096 | Bailey   | XOM: silly message
  9106 | Bailey   | XOM: potion effect (haste)
  9141 | Bailey   | XOM: potion effect (attraction)
  9166 | Bailey   | XOM: butterfly on damage
  9176 | Bailey   | XOM: potion effect (heal wounds)
  9178 | Bailey   | XOM: potion effect (invisibility)
  9191 | Bailey   | Killed an orc warlord
  9308 | Bailey   | XOM: divination: magic mapping
  9419 | D:8      | XOM: silly message
  9687 | D:8      | Found an iron altar of Okawaru.
  9831 | D:8      | XOM: silly message
  9888 | D:9      | Learned a level 2 spell: Passwall
  9889 | D:9      | XOM: divination: detect items
 10093 | D:9      | XOM: silly message
 10191 | D:9      | Identified the ring "Biuss" {Contam rElec rC+ Will+ rCorr}
 10766 | D:9      | XOM: cloud trail
 11097 | D:10     | Entered Level 10 of the Dungeon
 11102 | D:10     | Reached skill level 3 in Spellcasting
 11226 | D:10     | Reached skill level 9 in Hexes
 11231 | D:10     | XOM: blink monster(s)
 11233 | D:10     | XOM: scenery: summon butterflies
 11236 | D:10     | XOM: scenery: create altars
 11518 | D:10     | Killed from afar by a gargoyle
 11768 | D:10     | XOM: summons 2 friendly demons
 11804 | D:10     | XOM: summons friendly crimson imp
 11811 | D:10     | Reached skill level 11 in Dodging
 11814 | D:10     | XOM: noise
 11836 | D:10     | Reached skill level 10 in Fighting
 12098 | D:11     | Noticed a two-headed ogre
 12108 | D:11     | Killed a two-headed ogre
 12109 | D:11     | Reached skill level 4 in Spellcasting
 12295 | D:11     | Noticed a boulder beetle
 12451 | D:11     | XOM: scenery: create altars
 12479 | D:11     | Found a staircase to the Lair.
 12488 | D:11     | XOM: scenery: summon butterflies
 12677 | D:11     | XOM: give mutations
 12677 | D:11     | Gained mutation: You have a pair of horns on your head.
                  | [Xom's mischief]
 12677 | D:11     | Gained mutation: You are very agile. (Dex +8, Str/Int -2)
                  | [Xom's mischief]
 12677 | D:11     | Gained mutation: You sometimes lose your temper in combat.
                  | [Xom's mischief]
 12677 | D:11     | Lost mutation: You are robust. (+10% HP) [Xom's mischief]
 12683 | D:11     | Reached skill level 10 in Hexes
 12820 | D:11     | XOM: cloud trail
 12874 | D:11     | XOM: give mutations
 12874 | D:11     | Gained mutation: You are partially covered in iridescent
                  | scales. (AC +2) [Xom's grace]
 12874 | D:11     | Gained mutation: You are robust. (+10% HP) [Xom's grace]
 12874 | D:11     | Gained mutation: You are somewhat resistant to further
                  | mutation. [Xom's grace]
 12896 | D:11     | XOM: scenery: create altars
 12924 | Lair:1   | Entered Level 1 of the Lair of Beasts
 12965 | Lair:1   | Noticed Joseph
 12979 | Lair:1   | XOM: summons 2 friendly demons
 12994 | Lair:1   | XOM: summons friendly iron imp
 12995 | Lair:1   | XOM: confuse monster(s)
 13000 | Lair:1   | Killed Joseph
 13001 | Lair:1   | Reached skill level 12 in Dodging
 13001 | Lair:1   | Reached skill level 5 in Spellcasting
 13004 | Lair:1   | Gained mutation: Your thick and shaggy fur keeps you warm.
                  | (AC +3, rC+) [Felid growth]
 13004 | Lair:1   | Reached XP level 12. HP: 63/63 MP: 13/20
 13037 | Lair:1   | XOM: give mutations
 13037 | Lair:1   | Gained mutation: You are mostly covered in iridescent
                  | scales. (AC +4) [Xom's grace]
 13037 | Lair:1   | Gained mutation: You passively dampen the noise of your
                  | surroundings. [Xom's grace]
 13178 | Lair:1   | Reached skill level 13 in Dodging
 13178 | Lair:1   | XOM: god gift: +1 mace of chaos
 13180 | Lair:1   | XOM: polymorph elephant -> manticore
 13191 | Lair:1   | XOM: summons friendly iron imp
 13218 | Lair:1   | Reached skill level 14 in Dodging
 13462 | Lair:1   | XOM: cast spell 'Monstrous Menagerie'
 13751 | Lair:1   | Reached skill level 6 in Stealth
 14208 | Lair:2   | XOM: potion effect (invisibility)
 14210 | Lair:2   | XOM: cast spell 'Leda's Liquefaction'
 14304 | Lair:2   | XOM: noise
 14320 | Lair:2   | Reached skill level 5 in Evocations
 14405 | Lair:2   | XOM: divination: detect creatures
 14407 | Lair:2   | XOM: summons friendly white imp
 14410 | Lair:2   | Noticed Maggie
 14446 | Lair:2   | XOM: silly message
 14457 | Lair:2   | Reached skill level 11 in Hexes
 14575 | Lair:2   | XOM: confuse monster(s)
 14579 | Lair:2   | Killed Maggie
 14580 | Lair:2   | Reached skill level 7 in Stealth
 14631 | Lair:2   | XOM: god gift: 575 gold pieces
 14714 | Lair:2   | Found a staircase to the Shoals.
 14717 | Lair:2   | XOM: summons 8 friendly demons
 14948 | Lair:2   | Found a hole to the Spider Nest.
 15510 | Lair:3   | Reached XP level 13. HP: 68/68 MP: 21/21
 15520 | Lair:3   | Found a gate leading to a gauntlet.
 15529 | Gauntlet | Entered a Gauntlet
 15529 | Gauntlet | Found a transporter.
 15539 | Gauntlet | Found a transporter.
 15541 | Gauntlet | Found a transporter.
 15542 | Gauntlet | Found a transporter.
 15550 | Gauntlet | Found a transporter.
 15553 | Gauntlet | Found a transporter.
 15554 | Gauntlet | Found a transporter.
 15564 | Gauntlet | Found a transporter.
 15566 | Gauntlet | Found a transporter.
 15567 | Gauntlet | Found a transporter.
 15575 | Gauntlet | Found a transporter.
 15578 | Gauntlet | Found a transporter.
 15579 | Gauntlet | Found a transporter.
 15583 | Gauntlet | Found a runed translucent door.
 15583 | Gauntlet | Found a runed translucent door.
 15587 | Gauntlet | Found a transporter.
 15591 | Gauntlet | XOM: summons 1 hostile demon
 15785 | Lair:3   | Noticed Prince Ribbit
 15826 | Lair:3   | XOM: swap monsters
 15827 | Lair:3   | XOM: enchant monster (bad)
 15832 | Lair:3   | XOM: enchant monster (bad)
 15845 | Lair:3   | XOM: divination: magic mapping
 15856 | Lair:3   | XOM: confuse monster(s)
 15857 | Lair:3   | XOM: confuse monster(s)
 15860 | Lair:3   | Killed Prince Ribbit
 15974 | Lair:3   | XOM: summons 1 hostile demon
 15997 | Lair:3   | XOM: 1-stop teleportation journey
 15998 | Lair:3   | Reached skill level 6 in Evocations
 16221 | Lair:3   | Noticed Sonja
 16226 | Lair:3   | Sonja changed into Sonja the river rat
 16226 | Lair:3   | Noticed Sonja
 16229 | Lair:3   | Killed Sonja the river rat
 16530 | Lair:3   | XOM: summons 7 hostile demons
 16627 | Lair:3   | XOM: summons 3 hostile demons
 16805 | Lair:3   | XOM: enchant monster (good)
 16810 | Lair:3   | Reached skill level 8 in Stealth
 16840 | Abyss:3  | Cast into level 3 of the Abyss (Xom)
 16974 | Abyss:3  | Reached skill level 12 in Unarmed Combat
 17020 | Abyss:3  | XOM: stat loss: -1 Dex (26/27)
 17040 | Abyss:3  | Reached skill level 11 in Fighting
 17043 | Abyss:3  | Found a corrupted altar of Lugonu.
 17070 | Abyss:3  | Noticed a cacodemon
 17095 | Abyss:3  | XOM: polymorph raiju -> black bear
 17107 | Abyss:3  | Noticed a cacodemon
 17135 | Abyss:3  | Slain by a cacodemon
 17141 | Abyss:4  | XOM: polymorph orange demon -> hellwing
 17144 | Abyss:4  | XOM: scenery: 2 doors open
 17152 | Abyss:4  | Noticed a starcursed mass
 17190 | Abyss:4  | XOM: fog
 17195 | Abyss:4  | Noticed a starcursed mass
 17219 | Abyss:4  | XOM: butterfly on damage
 17224 | Abyss:4  | HP: 3/69 [large abomination (10)]
 17225 | Abyss:4  | Killed from afar by a starcursed mass
 17225 | Abyss:4  | Paralysed by accursed screaming for 1 turns
 17226 | Abyss:4  | Found a corrupted altar of Lugonu.
 17226 | Abyss:4  | Reached skill level 12 in Fighting
 17226 | Abyss:4  | Reached XP level 14. HP: 75/75 MP: 22/22
 17300 | Abyss:4  | Noticed a tentacled starspawn
 17321 | Abyss:4  | Reached skill level 12 in Hexes
 17323 | Abyss:4  | Killed a tentacled starspawn
 17327 | Abyss:4  | Reached skill level 13 in Fighting
 17384 | Abyss:4  | XOM: cast spell 'Summon Horrible Things'
 17400 | Abyss:4  | Noticed a bone dragon
 17402 | Abyss:4  | Reached skill level 9 in Stealth
 17404 | Abyss:4  | Killed a bone dragon
 17405 | Abyss:4  | Reached skill level 7 in Evocations
 17410 | Abyss:4  | Noticed a bone dragon
 17411 | Abyss:4  | Noticed a tentacled starspawn
 17421 | Abyss:4  | XOM: polymorph sixfirhy -> sun demon
 17433 | Abyss:4  | XOM: destruction
 17434 | Lair:3   | Escaped the Abyss
 17442 | Lair:3   | XOM: destruction
 17454 | Lair:3   | XOM: cast spell 'Discord'
 17560 | Lair:2   | XOM: god gift: 642 gold pieces
 18113 | Lair:3   | XOM: enchant monster (good)
 18118 | Lair:3   | XOM: cast spell 'Summon Hydra'
 18119 | Lair:3   | XOM: scenery: 1 doors open
 18252 | Lair:4   | XOM: give mutations
 18252 | Lair:4   | Lost mutation: You sometimes lose your temper in combat.
                  | [Xom's grace]
 18252 | Lair:4   | Gained mutation: You are strong-willed. (Will+) [Xom's
                  | grace]
 18252 | Lair:4   | Gained mutation: You are very robust. (+20% HP) [Xom's
                  | grace]
 18252 | Lair:4   | Gained mutation: You are somewhat resistant to both further
                  | mutation and mutation removal. [Xom's grace]
 18254 | Lair:4   | XOM: fake destruction
 18291 | Lair:4   | XOM: cleaving
 18405 | Lair:4   | XOM: blink monster(s)
 18420 | Lair:4   | XOM: draining
 18502 | Lair:4   | XOM: enchant monster (bad)
 18507 | Lair:4   | Reached skill level 13 in Hexes
 18508 | Lair:4   | XOM: chaos cloud
 18513 | Lair:4   | XOM: blink monster(s)
 18515 | Lair:4   | XOM: swap monsters
 18684 | Lair:4   | XOM: swap monsters
 18689 | Lair:4   | XOM: smoke on damage
 18748 | Lair:4   | XOM: 1-stop teleportation journey
 18936 | Lair:4   | Reached skill level 8 in Evocations
 19013 | Lair:4   | XOM: noise
 19283 | Lair:3   | XOM: noise
 19298 | Lair:3   | XOM: summons 8 hostile demons
 19307 | Lair:3   | XOM: chaos cloud
 19321 | Lair:3   | XOM: summons 7 hostile demons
 19512 | Lair:4   | XOM: noise
 19565 | Lair:4   | XOM: give mutations
 19565 | Lair:4   | Lost mutation: You have a pair of horns on your head.
                  | [Xom's mischief]
 19565 | Lair:4   | Lost mutation: You are very agile. (Dex +8, Str/Int -2)
                  | [Xom's mischief]
 19664 | Lair:4   | XOM: give mutations
 19664 | Lair:4   | Lost mutation: You passively dampen the noise of your
                  | surroundings. [Xom's mischief]
 19664 | Lair:4   | Lost mutation: You are very robust. (+20% HP) [Xom's
                  | mischief]
 19672 | Lair:4   | Reached XP level 15. HP: 82/82 MP: 23/23
 19750 | Lair:4   | Found a runed translucent door.
 19985 | Lair:5   | Entered Level 5 of the Lair of Beasts
 20294 | Lair:5   | Reached skill level 13 in Unarmed Combat
 20339 | Lair:5   | Found a staircase to the Slime Pits.
 20351 | Lair:5   | Found a viscous altar of Jiyva.
 20404 | Lair:5   | XOM: blink monster(s)
 20411 | Lair:5   | XOM: confusion (+ monsters)
 20435 | Lair:5   | XOM: give mutations
 20435 | Lair:5   | Lost mutation: You are agile. (Dex +4, Str/Int -1) [Xom's
                  | mischief]
 20435 | Lair:5   | Lost mutation: You are robust. (+10% HP) [Xom's mischief]
 20435 | Lair:5   | Gained mutation: You are frail. (-10% HP) [Xom's mischief]
 20435 | Lair:5   | Lost mutation: You are frail. (-10% HP) [Xom's mischief]
 20455 | Lair:5   | XOM: 1-stop teleportation journey
 20480 | Lair:5   | XOM: draining
 20524 | Lair:5   | Noticed Nessos
 20524 | Lair:5   | XOM: potion effect (might)
 20525 | Lair:5   | Nessos changed into Nessos the dream sheep
 20525 | Lair:5   | Noticed Nessos
 20530 | Lair:5   | Killed Nessos the dream sheep
 20648 | Lair:5   | Reached skill level 14 in Hexes
 20673 | Lair:5   | XOM: summons 5 friendly demons
 20696 | Lair:5   | XOM: enchant monster (good)
 20775 | Lair:5   | XOM: god gift: 40 gold pieces
 20923 | Lair:5   | Reached skill level 14 in Fighting
 20967 | Lair:5   | Reached skill level 9 in Evocations
 20973 | Lair:5   | XOM: confusion (+ monsters)
 21602 | Lair:5   | XOM: noise
 21817 | D:12     | Noticed Frances
 21821 | D:12     | Killed Frances
 21857 | D:12     | XOM: cloud trail
 22423 | D:12     | XOM: swap monsters
 22475 | D:12     | Found a staircase to the Orcish Mines.
 22696 | D:12     | XOM: blink monster(s)
 22719 | D:12     | Found a shimmering blue altar of Sif Muna.
 22749 | Orc:1    | Entered Level 1 of the Orcish Mines
 22749 | Orc:1    | Noticed Erolcha
 22751 | Orc:1    | Noticed Josephine
 22754 | Orc:1    | XOM: scenery: create altars
 22759 | D:12     | Killed Erolcha
 22851 | D:12     | XOM: divine lightning
 22898 | D:12     | XOM: scenery: create altars
 22931 | Orc:1    | XOM: confuse monster(s)
 22936 | Orc:1    | Killed Josephine
 23161 | Orc:1    | XOM: god gift: Xom's Parchment of the Lonely Bones {god
                  | gift}
 23162 | Orc:1    | Got Xom's Parchment of the Lonely Bones {god gift}
 23189 | Orc:1    | Got Cyrch's Volume of the Incendiary Swarm
 23233 | Orc:2    | Entered Level 2 of the Orcish Mines
 23235 | Orc:2    | Noticed Urug
 23239 | Orc:2    | Urug changed into Urug the goblin
 23239 | Orc:2    | Noticed Urug
 23248 | Orc:2    | Killed Urug the goblin
 23333 | Orc:2    | Found a staircase to the Elven Halls.
 23337 | Orc:2    | Noticed Azrael
 23344 | Orc:2    | XOM: polymorph hell hound -> hell hound
 23615 | D:13     | Found a runed translucent gate.
 23616 | D:13     | Found a runed translucent gate.
 23617 | D:13     | Found a runed translucent gate.
 23618 | D:13     | Noticed kskgo's ghost (journeyman DjFE)
 23619 | D:13     | Found an iron altar of Okawaru.
 23628 | D:13     | XOM: god gift: wand of charming (5)
 23668 | D:13     | XOM: scenery: 1 doors close
 24086 | D:13     | Reached skill level 10 in Evocations
 24241 | D:13     | XOM: silly message
 24262 | D:13     | XOM: noise
 24410 | D:13     | Identified the staff of Poverty {rPois rC+ Will- Str+5
                  | Dex-4 Ice}
 24430 | D:13     | Reached skill level 1 in Transmutations
 24443 | D:13     | XOM: enchant monster (bad)
 24446 | D:13     | Reached skill level 1 in Earth Magic
 24521 | D:13     | Reached skill level 14 in Unarmed Combat
 24532 | D:13     | Reached skill level 2 in Transmutations
 25191 | D:13     | Reached skill level 2 in Earth Magic
 25564 | D:14     | XOM: 1-stop teleportation journey
 25589 | D:14     | XOM: stat loss: -1 Str (11/12)
 25596 | D:14     | Reached skill level 3 in Transmutations
 25597 | D:14     | Noticed Kirke
 25597 | D:14     | XOM: swap monsters
 25613 | D:14     | XOM: enchant monster (bad)
 25625 | D:14     | XOM: summons friendly crimson imp
 25630 | D:14     | XOM: fake destruction
 25634 | D:14     | Killed Kirke
 25641 | D:14     | Reached skill level 3 in Earth Magic
 25857 | D:14     | Reached XP level 16. HP: 80/80 MP: 22/24
 25881 | D:14     | XOM: scenery: 1 doors open
 25901 | D:14     | Reached skill level 4 in Transmutations
 26163 | D:14     | XOM: polymorph seven-headed hydra -> shapeshifter
 26451 | D:14     | Found a gate to the Vaults.
 26455 | D:14     | Reached skill level 4 in Earth Magic
 26467 | D:14     | Reached skill level 5 in Transmutations
 26626 | D:14     | XOM: butterfly on damage
 26754 | D:14     | Found a stormy altar of Qazlal.
 26901 | D:15     | Entered Level 15 of the Dungeon
 26961 | D:15     | XOM: summons 9 hostile demons
 27069 | D:15     | XOM: chaos upgrade
 27084 | D:15     | XOM: smoke on damage
 27085 | D:15     | HP: 3/80 [skeletal warrior/+0 long sword (23)]
 27088 | D:14     | XOM: stat loss: -1 Str (11/12)
 27151 | D:13     | XOM: summons 2 hostile demons
 27465 | D:15     | Reached skill level 6 in Transmutations
 27680 | D:15     | XOM: 1-stop teleportation journey
 27690 | D:15     | XOM: butterfly on damage
 27808 | D:15     | XOM: give mutations
 27808 | D:15     | Lost mutation: Your spells are a little harder to cast, but
                  | a little more powerful. [Xom's mischief]
 27808 | D:15     | Gained mutation: Your muscles are very strong. (Str +8,
                  | Int/Dex -2) [Xom's mischief]
 27808 | D:15     | Gained mutation: You are vulnerable to cold. (rC-) [Xom's
                  | mischief]
 27808 | D:15     | Lost mutation: You are somewhat resistant to both further
                  | mutation and mutation removal. [Xom's mischief]
 27843 | D:15     | XOM: summons 7 hostile demons
 27963 | D:15     | XOM: summons 6 hostile demons
 27967 | D:15     | Reached skill level 7 in Transmutations
 27969 | D:14     | XOM: chaos upgrade
 28219 | D:15     | XOM: torment (41/80 hp)
 28359 | D:14     | XOM: give mutations
 28359 | D:14     | Lost mutation: You are somewhat resistant to further
                  | mutation. [Xom's mischief]
 28359 | D:14     | Gained mutation: You have hidden genetic potential. [Xom's
                  | mischief]
 28359 | D:14     | Lost mutation: Your muscles are very strong. (Str +8,
                  | Int/Dex -2) [Xom's mischief]
 28359 | D:14     | Gained mutation: You are robust. (+10% HP) [Xom's mischief]
 28359 | D:14     | Lost mutation: You are vulnerable to heat. (rF-) [Xom's
                  | mischief]
 28377 | D:14     | XOM: give mutation
 28377 | D:14     | Lost mutation: You are mostly covered in iridescent scales.
                  | (AC +4) [Xom's mischief]
 28531 | D:14     | XOM: cloud trail
 28583 | D:15     | Got the Dissertation on Torrid Air
 28592 | D:15     | Found a staircase to the Depths.
 28606 | D:15     | Reached skill level 8 in Transmutations
 28968 | D:13     | XOM: give mutations
 28968 | D:13     | Lost mutation: You have a pair of small horns on your head.
                  | [Xom's mischief]
 28968 | D:13     | Gained mutation: You sometimes lose your temper in combat.
                  | [Xom's mischief]
 28968 | D:13     | Gained mutation: You occasionally shout uncontrollably at
                  | your foes. [Xom's mischief]
 29063 | Orc:1    | XOM: 2-stop teleportation journey
 29132 | Orc:1    | XOM: scenery: summon butterflies
 29135 | Orc:1    | Found Jodwaps's Book Shoppe.
 29164 | Orc:1    | XOM: scenery: summon butterflies
 29213 | Orc:1    | XOM: noise
 29235 | Orc:1    | XOM: god gift: jewelled brass wand {god gift}
 29315 | Orc:1    | XOM: draining
 29431 | Orc:2    | Reached skill level 3 in Ice Magic
 29702 | Orc:1    | Noticed Nergalle
 29704 | Orc:1    | XOM: confuse monster(s)
 29788 | Orc:1    | XOM: potion effect (haste)
 29794 | Orc:1    | Killed Nergalle
 30041 | Orc:2    | Found a radiant altar of Vehumet.
 30055 | Orc:2    | XOM: enchant monster (good)
 30063 | Orc:2    | XOM: silly message
 30356 | Orc:2    | XOM: give mutations
 30356 | Orc:2    | Gained mutation: You are very vulnerable to cold. (rC--)
                  | [Xom's mischief]
 30356 | Orc:2    | Lost mutation: You are partially covered in iridescent
                  | scales. (AC +2) [Xom's mischief]
 30356 | Orc:2    | Lost mutation: You occasionally shout uncontrollably at
                  | your foes. [Xom's mischief]
 30519 | Orc:2    | XOM: give mutations
 30519 | Orc:2    | Lost mutation: You have hidden genetic potential. [Xom's
                  | mischief]
 30519 | Orc:2    | Gained mutation: You are somewhat resistant to further
                  | mutation. [Xom's mischief]
 30519 | Orc:2    | Lost mutation: You are robust. (+10% HP) [Xom's mischief]
 30519 | Orc:2    | Gained mutation: You are robust. (+10% HP) [Xom's mischief]
 30519 | Orc:2    | Gained mutation: You are very robust. (+20% HP) [Xom's
                  | mischief]
 31022 | Orc:2    | XOM: potion effect (might)
 31025 | Orc:2    | Reached skill level 10 in Stealth
 31068 | Orc:2    | Killed Azrael
 31117 | Orc:2    | XOM: confusion (+ monsters)
 31260 | Orc:2    | XOM: give mutation
 31260 | Orc:2    | Lost mutation: You are somewhat resistant to further
                  | mutation. [Xom's mischief]
 31272 | Orc:2    | Reached skill level 6 in Spellcasting
 31282 | Orc:2    | XOM: silly message
 31452 | Orc:2    | XOM: divination: magic mapping
 31470 | Orc:1    | Reached skill level 4 in Ice Magic
 31592 | Orc:2    | XOM: summons 1 hostile shadow creature
 31718 | Orc:2    | XOM: enchant monster (good)
 31742 | Orc:2    | XOM: chaos upgrade
 31888 | Orc:2    | XOM: summons 2 hostile demons
 32005 | Orc:2    | XOM: god gift: runed filigree amulet {god gift}
 32053 | Orc:2    | XOM: destruction
 32167 | Orc:2    | Found Yblioh's Assorted Antiques.
 32167 | Orc:2    | Found Mefuob's Book Shoppe.
 32169 | Orc:2    | Found Hehuid's Assorted Antiques.
 32169 | Orc:2    | Found Ijet's Jewellery Shoppe.
 32180 | Orc:2    | Bought a book of Winter for 442 gold pieces
 32184 | Orc:2    | Learned a level 3 spell: Ozocubu's Armour
 32188 | Orc:2    | Learned a level 3 spell: Frozen Ramparts
 32196 | Orc:2    | Learned a level 7 spell: Enfeeble
 32200 | Orc:2    | Learned a level 3 spell: Tukima's Dance
 32202 | Orc:2    | Bought a +5 ring of evasion for 432 gold pieces
 32209 | Orc:2    | Bought a phial of floods for 1160 gold pieces
 32209 | Orc:2    | Bought a scroll of teleportation for 87 gold pieces
 32213 | Orc:2    | Bought a potion of resistance for 210 gold pieces
 32213 | Orc:2    | Bought a wand of iceblast (1) for 50 gold pieces
 32213 | Orc:2    | Bought a potion of lignification for 63 gold pieces
 32218 | Orc:2    | Bought a book of Cantrips for 156 gold pieces
 32405 | Lair:2   | Upgraded the game from 0.31-a0-1057-g70f3316b05 to
                  | 0.31-a0-1059-g83d41fd8b6
 32406 | Shoals:1 | Entered Level 1 of the Shoals
 32422 | Shoals:1 | XOM: enchant monster (good)
 32588 | Shoals:1 | Learned a level 1 spell: Apportation
 32592 | Shoals:1 | Learned a level 3 spell: Hailstorm
 32726 | Shoals:1 | XOM: cleaving
 32736 | Shoals:1 | XOM: give mutations
 32736 | Shoals:1 | Gained mutation: You are extremely vulnerable to cold.
                  | (rC---) [Xom's mischief]
 32736 | Shoals:1 | Lost mutation: You are extremely vulnerable to cold.
                  | (rC---) [Xom's mischief]
 32736 | Shoals:1 | Gained mutation: You occasionally shout uncontrollably at
                  | your foes. [Xom's mischief]
 32736 | Shoals:1 | Lost mutation: You are strong-willed. (Will+) [Xom's
                  | mischief]
 32741 | Shoals:1 | Reached skill level 1 in Conjurations
 32897 | Shoals:1 | Reached skill level 5 in Ice Magic
 33108 | Shoals:1 | XOM: fog
 33127 | Shoals:1 | XOM: give mutations
 33127 | Shoals:1 | Lost mutation: You are very robust. (+20% HP) [Xom's
                  | mischief]
 33127 | Shoals:1 | Gained mutation: You occasionally lose the ability to read
                  | scrolls when taking damage. [Xom's mischief]
 33204 | Shoals:1 | Lost mutation: You sometimes lose your temper in combat.
                  | [potion of mutation]
 33204 | Shoals:1 | Lost mutation: You are very vulnerable to cold. (rC--)
                  | [potion of mutation]
 33204 | Shoals:1 | Lost mutation: Your muscles are strong. (Str +4, Int/Dex
                  | -1) [potion of mutation]
 33204 | Shoals:1 | Gained mutation: You have very sharp fingernails. [potion
                  | of mutation]
 33204 | Shoals:1 | Gained mutation: You are strong-willed. (Will+) [potion of
                  | mutation]
 33204 | Shoals:1 | Gained mutation: You expend magic power (3 MP) to
                  | strengthen your wands. [potion of mutation]
 33205 | Shoals:1 | Lost mutation: You are strong-willed. (Will+) [potion of
                  | mutation]
 33205 | Shoals:1 | Lost mutation: You occasionally shout uncontrollably at
                  | your foes. [potion of mutation]
 33205 | Shoals:1 | Lost mutation: You have very sharp fingernails. [potion of
                  | mutation]
 33205 | Shoals:1 | Gained mutation: Your mind is acute. (Int +4, Str/Dex -1)
                  | [potion of mutation]
 33205 | Shoals:1 | Gained mutation: Your muscles are strong. (Str +4, Int/Dex
                  | -1) [potion of mutation]
 33228 | Shoals:1 | Noticed Louise
 33504 | Shoals:2 | Reached skill level 7 in Spellcasting
 33540 | Shoals:2 | XOM: chaos upgrade
 33562 | Shoals:2 | XOM: 1-stop teleportation journey
 33563 | Shoals:2 | Killed from afar by a water nymph
 33578 | Shoals:2 | XOM: confuse monster(s)
 33586 | Shoals:2 | Reached skill level 2 in Conjurations
 33825 | Shoals:2 | XOM: blink monster(s)
 33830 | Shoals:2 | XOM: 1-stop teleportation journey
 33930 | Shoals:2 | XOM: silly message
 33931 | Shoals:2 | XOM: confusion
 33941 | Shoals:2 | XOM: enchant monster (good)
 34131 | Shoals:2 | Reached XP level 17. HP: 92/92 MP: 29/29
 34138 | Shoals:2 | XOM: give mutations
 34138 | Shoals:2 | Gained mutation: You are agile. (Dex +4, Str/Int -1) [Xom's
                  | grace]
 34138 | Shoals:2 | Gained mutation: You have a pair of small horns on your
                  | head. [Xom's grace]
 34193 | Shoals:2 | Reached skill level 3 in Conjurations
 34255 | Shoals:2 | XOM: fake destruction
 34258 | Shoals:2 | Reached skill level 6 in Ice Magic
 34539 | Shoals:2 | XOM: scenery: summon butterflies
 34547 | Shoals:2 | XOM: 5-stop teleportation journey
 34865 | Shoals:3 | XOM: god gift: weird glowing staff {god gift}
 34897 | Shoals:3 | XOM: polymorph merfolk avatar -> six-headed hydra
 34900 | Shoals:3 | XOM: confuse monster(s)
 35065 | Shoals:3 | Reached skill level 8 in Spellcasting
 35065 | Shoals:3 | Reached skill level 4 in Conjurations
 35071 | Shoals:3 | XOM: summons friendly crimson imp
 35278 | Shoals:3 | XOM: fog
 35405 | Shoals:3 | Noticed Ilsuiw
 35413 | Shoals:3 | XOM: butterfly on damage
 35420 | Shoals:3 | Killed Ilsuiw
 35957 | Shoals:3 | XOM: 1-stop teleportation journey
 36048 | Shoals:3 | Learned a level 5 spell: Irradiate
 36387 | Shoals:4 | Entered Level 4 of the Shoals
 36488 | Spider:1 | Entered Level 1 of the Spider Nest
 36573 | Lair:2   | Reached skill level 7 in Ice Magic
 36765 | Spider:1 | XOM: confuse monster(s)
 36869 | Spider:1 | XOM: summons friendly crimson imp
 36873 | Spider:1 | Reached skill level 5 in Conjurations
 37022 | Spider:1 | XOM: 3-stop teleportation journey
 37215 | Spider:2 | XOM: 1-stop teleportation journey
 37318 | Spider:2 | XOM: summons 7 hostile demons
 37420 | Spider:2 | XOM: 1-stop teleportation journey
 37550 | Spider:2 | XOM: enchant monster (good)
 37608 | Spider:2 | XOM: polymorph jumping spider -> mana viper
 37713 | Spider:2 | XOM: swap monsters
 37861 | Spider:2 | Reached skill level 9 in Spellcasting
 38031 | Spider:2 | XOM: blink monster(s)
 38033 | Spider:2 | Reached skill level 9 in Transmutations
 38059 | Spider:2 | Reached skill level 6 in Conjurations
 38149 | Spider:2 | XOM: 6-stop teleportation journey
 38250 | Spider:2 | XOM: enchant monster (bad)
 38258 | Spider:2 | XOM: chaos cloud
 38259 | Spider:2 | XOM: polymorph redback -> glowing orange brain
 38262 | Spider:2 | XOM: divine lightning
 38389 | Spider:1 | Identified the +2 war axe "Dipremn" {vamp, rF+}
 38399 | Spider:1 | XOM: enchant monster (bad)
 38553 | Spider:1 | XOM: swap monsters
 38980 | Spider:2 | XOM: torment (47/92 hp)
 39257 | Spider:2 | XOM: summons 8 hostile demons
 39551 | Spider:2 | XOM: smoke on damage
 39817 | Spider:2 | XOM: god gift: 44 gold pieces
 40047 | Spider:3 | Reached skill level 10 in Transmutations
 40077 | Spider:3 | XOM: destruction
 40253 | Spider:3 | XOM: enchant monster (good)
 40256 | Spider:3 | XOM: summons 7 friendly demons
 40258 | Spider:3 | Reached skill level 7 in Conjurations
 40404 | Spider:3 | Reached skill level 10 in Spellcasting
 40456 | Spider:3 | Found a runed translucent door.
 40456 | Spider:3 | Found a shimmering altar of Xom.
 40456 | Spider:3 | Identified the +11 great mace "Koshyh" {chaos, rF+ Str+4}
 40456 | Spider:3 | Noticed Lusmu's ghost (adept OpVM)
 40537 | Spider:3 | Reached XP level 18. HP: 72/96 MP: 10/33
 40599 | Spider:3 | XOM: god gift: wand of quicksilver (4)
 40602 | Spider:3 | XOM: summons 5 hostile demons
 40623 | Spider:3 | XOM: destruction
 40627 | Spider:3 | HP: 3/87 [jorogumo/bolt of negative energy (32)]
 40630 | Spider:3 | Mangled by a demonic crawler
 40888 | Spider:3 | XOM: confusion
 40893 | Spider:3 | XOM: polymorph emperor scorpion -> azure jelly
 41184 | Spider:3 | XOM: swap monsters
 41185 | Spider:3 | XOM: confuse monster(s)
 41300 | Spider:3 | Reached skill level 11 in Transmutations
 41302 | Spider:3 | XOM: fog
 41333 | Spider:3 | XOM: give mutations
 41333 | Spider:3 | Gained mutation: Your system is resistant to poisons.
                  | (rPois) [Xom's grace]
 41333 | Spider:3 | Gained mutation: Your spells are a little harder to cast,
                  | but a little more powerful. [Xom's grace]
 41333 | Spider:3 | Gained mutation: You are very agile. (Dex +8, Str/Int -2)
                  | [Xom's grace]
 41333 | Spider:3 | Gained mutation: You have hidden genetic potential. [Xom's
                  | grace]
 41360 | Spider:3 | XOM: god gift: book of Debilitation
 41411 | Spider:3 | XOM: 3-stop teleportation journey
 41529 | Spider:3 | Reached skill level 8 in Conjurations
 41565 | Spider:3 | Identified the +0 hat of Pleasant Breezes {Will+}
 41566 | Spider:3 | Identified the -2 hat of Lustohad {rF+ rN+ rCorr}
 41860 | Spider:4 | Entered Level 4 of the Spider Nest
 41860 | Spider:4 | Noticed Arachne
 41874 | Spider:4 | Killed Arachne
 41906 | Spider:3 | XOM: cloud trail
 42046 | Spider:4 | Identified the serpent talisman of the Final Yaks {Will++
                  | Str-2}
 42046 | Spider:4 | Noticed Aizul
 42046 | Spider:4 | XOM: 3-stop teleportation journey
 42063 | Spider:4 | Killed Aizul
 42069 | Spider:4 | Reached skill level 11 in Stealth
 42107 | Spider:4 | XOM: summons 1 hostile demon
 42195 | Spider:4 | XOM: give mutations
 42195 | Spider:4 | Gained mutation: You are very robust. (+20% HP) [Xom's
                  | grace]
 42195 | Spider:4 | Gained mutation: Your spells are harder to cast, but more
                  | powerful. [Xom's grace]
 42249 | Spider:4 | Identified the ring "Taipiad" {rCorr Str+3}
 42393 | Spider:4 | XOM: divination: detect creatures
 42635 | Spider:4 | XOM: silly message
 42705 | Spider:4 | XOM: silly message
 43162 | Spider:4 | XOM: summons 1 hostile shadow creature
 43495 | Spider:4 | Reached skill level 12 in Stealth
 43500 | Spider:4 | Reached skill level 12 in Transmutations
 43844 | Spider:4 | XOM: give mutations
 43844 | Spider:4 | Lost mutation: You are vulnerable to cold. (rC-) [Xom's
                  | mischief]
 43844 | Spider:4 | Lost mutation: You expend magic power (3 MP) to strengthen
                  | your wands. [Xom's mischief]
 43844 | Spider:4 | Lost mutation: Your muscles are strong. (Str +4, Int/Dex
                  | -1) [Xom's mischief]
 43851 | Spider:4 | Reached skill level 11 in Spellcasting
 43914 | Spider:4 | XOM: stat loss: -1 Int (15/17)
 43941 | Spider:4 | XOM: summons 10 hostile demons
 43995 | Spider:4 | XOM: summons 9 hostile demons
 44163 | Spider:4 | XOM: summons 3 hostile demons
 44209 | Spider:4 | XOM: silly message
 44281 | Spider:4 | XOM: blink monster(s)
 44348 | Spider:4 | XOM: butterfly on damage
 45018 | Spider:4 | XOM: summons 2 hostile demons
 45043 | Spider:4 | Got a gossamer rune of Zot
 45444 | Shoals:4 | XOM: torment (49/105 hp)
 45782 | D:2      | Bought a phantom mirror for 400 gold pieces
 45906 | D:8      | XOM: draining
 46054 | Elf:1    | Entered Level 1 of the Elven Halls
 46062 | Elf:1    | XOM: give mutations
 46062 | Elf:1    | Lost mutation: You are very robust. (+20% HP) [Xom's
                  | mischief]
 46062 | Elf:1    | Lost mutation: You are very agile. (Dex +8, Str/Int -2)
                  | [Xom's mischief]
 46062 | Elf:1    | Lost mutation: Your spells are harder to cast, but more
                  | powerful. [Xom's mischief]
 46062 | Elf:1    | Lost mutation: Your spells are a little harder to cast, but
                  | a little more powerful. [Xom's mischief]
 46231 | Elf:1    | XOM: swap monsters
 46236 | Elf:1    | Reached skill level 13 in Stealth
 46744 | Elf:1    | XOM: draining
 47325 | Elf:2    | XOM: chaos upgrade
 47413 | Elf:2    | XOM: smoke on damage
 47414 | Elf:2    | XOM: repel stairs
 47426 | Elf:2    | XOM: give mutation
 47426 | Elf:2    | Lost mutation: You have hidden genetic potential. [Xom's
                  | grace]
 47426 | Elf:2    | Gained mutation: You are somewhat resistant to further
                  | mutation. [Xom's grace]
 47737 | Elf:2    | Reached skill level 13 in Transmutations
 47880 | Elf:2    | Reached XP level 19. HP: 86/101 MP: 12/35
 48337 | Elf:1    | XOM: torment (41/101 hp)
 48643 | Elf:2    | XOM: silly message
 48744 | Elf:2    | Found a runed translucent gate.
 48744 | Elf:2    | Found a runed translucent gate.
 48744 | Elf:2    | Found a runed translucent gate.
 48970 | Elf:2    | XOM: scenery: 2 doors close
 49112 | Vaults:1 | Entered Level 1 of the Vaults
 49116 | Vaults:1 | Reached skill level 14 in Stealth
 49175 | Vaults:1 | Reached skill level 1 in Shapeshifting
 49203 | Vaults:1 | Reached skill level 2 in Shapeshifting
 49205 | Vaults:1 | Reached skill level 12 in Spellcasting
 49243 | Vaults:1 | XOM: silly message
 49412 | Vaults:1 | XOM: summons friendly crimson imp
 49576 | Vaults:1 | Reached skill level 3 in Shapeshifting
 49616 | Vaults:1 | XOM: scenery: 2 doors close
 49634 | Vaults:1 | Learned a level 5 spell: Yara's Violent Unravelling
 49700 | Vaults:1 | Identified the +6 flail "Ciedgh Ufod" {heavy, rF- rN++
                  | rCorr}
 49737 | Vaults:1 | Reached skill level 4 in Shapeshifting
 49737 | Vaults:1 | XOM: stat loss: -1 Int (17/18)
 50063 | Vaults:1 | XOM: give mutations
 50063 | Vaults:1 | Lost mutation: Your system is resistant to poisons. (rPois)
                  | [Xom's mischief]
 50063 | Vaults:1 | Gained mutation: You are vulnerable to cold. (rC-) [Xom's
                  | mischief]
 50077 | Vaults:1 | XOM: silly message
 50226 | Vaults:1 | Reached skill level 5 in Shapeshifting
 50682 | Vaults:1 | XOM: give mutations
 50682 | Vaults:1 | Lost mutation: You are somewhat resistant to further
                  | mutation. [Xom's mischief]
 50682 | Vaults:1 | Gained mutation: Your magical capacity is low. (-10% MP)
                  | [Xom's mischief]
 50682 | Vaults:1 | Lost mutation: You are vulnerable to cold. (rC-) [Xom's
                  | mischief]
 50712 | Vaults:1 | Noticed Saint Roka
 50742 | Vaults:1 | XOM: chaos cloud
 51399 | Vaults:1 | Reached skill level 6 in Shapeshifting
 51739 | Vaults:1 | XOM: chaos cloud
 51750 | Vaults:1 | XOM: blink monster(s)
 51965 | Vaults:1 | XOM: butterfly on damage
 51981 | Vaults:1 | Reached skill level 7 in Shapeshifting
 52040 | Vaults:1 | XOM: summons 5 friendly demons
 52067 | Vaults:1 | XOM: noise
 52098 | Vaults:1 | XOM: enchant monster (bad)
 52100 | Vaults:1 | XOM: swap monsters
 52115 | Vaults:1 | XOM: 3-stop teleportation journey
 52285 | Vaults:1 | XOM: stat loss: -1 Int (17/18)
 52805 | Vaults:1 | XOM: 1-stop teleportation journey
 53086 | Vaults:1 | Killed Saint Roka
 53153 | Vaults:1 | XOM: scenery: 4 doors close
 53234 | Vaults:1 | XOM: scenery: 3 doors close
 53268 | Vaults:1 | XOM: confuse monster(s)
 53611 | Vaults:2 | Found Ecsussosh's General Store.
 53615 | Vaults:2 | Bought a wand of polymorph (5) for 91 gold pieces
 53615 | Vaults:2 | Bought a scroll of fear for 52 gold pieces
 53615 | Vaults:2 | Bought a +4 ring of protection for 468 gold pieces
 53615 | Vaults:2 | Bought a scroll of teleportation for 39 gold pieces
 53615 | Vaults:2 | Bought a wand of quicksilver (5) for 273 gold pieces
 53765 | Vaults:2 | Paralysed by a formless jellyfish for 1 turns
 53897 | Vaults:2 | Reached skill level 8 in Shapeshifting
 54084 | Vaults:2 | Reached skill level 13 in Spellcasting
 54366 | Vaults:2 | Reached skill level 9 in Shapeshifting
 54424 | Vaults:2 | XOM: enchant monster (bad)
 54442 | Vaults:2 | Reached XP level 20. HP: 98/105 MP: 2/34
 54709 | Vaults:2 | Reached skill level 10 in Shapeshifting
 55014 | Vaults:2 | XOM: enchant monster (bad)
 55033 | Vaults:2 | XOM: enchant monster (good)
 55173 | Vaults:2 | Found Semonisi's Armour Shop.
 55217 | Vaults:2 | Found Bemynn's Book Shoppe.
 55304 | Vaults:2 | XOM: god gift: potion of resistance
 55439 | Vaults:2 | Bought a book of Lightning for 756 gold pieces
 55444 | Vaults:2 | Learned a level 4 spell: Vhi's Electric Charge
 55587 | Vaults:2 | XOM: give mutations
 55587 | Vaults:2 | Gained mutation: Your skin changes colour to match your
                  | surroundings (Stealth+). [Xom's grace]
 55587 | Vaults:2 | Gained mutation: You expend magic power (3 MP) to
                  | strengthen your wands. [Xom's grace]
 55663 | Vaults:2 | XOM: chaos upgrade
 55668 | Vaults:2 | XOM: enchant monster (good)
 55672 | Vaults:2 | Reached skill level 1 in Translocations
 55673 | Vaults:2 | XOM: summons 2 friendly demons
 55677 | Vaults:2 | XOM: polymorph quasit -> crimson imp
 55679 | Vaults:2 | XOM: summons 10 friendly demons
 55689 | Vaults:2 | XOM: summons 2 friendly demons
 55692 | Vaults:2 | XOM: destruction
 55693 | Vaults:2 | Reached skill level 2 in Translocations
 55702 | Vaults:2 | Reached skill level 1 in Air Magic
 55807 | Vaults:2 | Reached skill level 3 in Translocations
 55916 | Vaults:2 | XOM: scenery: 2 doors close
 55925 | Vaults:3 | Upgraded the game from 0.31-a0-1059-g83d41fd8b6 to
                  | 0.31-a0-1066-g35875b34c7
 55935 | Vaults:3 | XOM: smoke on damage
 55988 | Vaults:3 | XOM: potion effect (might)
 56000 | Vaults:3 | Reached skill level 4 in Translocations
 56169 | Vaults:3 | Reached skill level 8 in Ice Magic
 56182 | Vaults:3 | Reached skill level 5 in Translocations
 56194 | Vaults:3 | Reached skill level 2 in Air Magic
 56202 | Vaults:3 | Reached skill level 14 in Spellcasting
 56300 | Vaults:3 | Reached skill level 11 in Evocations
 56533 | Vaults:3 | XOM: cleaving
 56623 | Vaults:3 | Reached skill level 6 in Translocations
 56718 | Vaults:3 | XOM is BORED!
 56794 | Vaults:3 | XOM: destruction
 56814 | Vaults:3 | XOM: scenery: summon butterflies
 57030 | Vaults:3 | XOM: 4-stop teleportation journey
 57146 | Vaults:3 | XOM: give mutations
 57146 | Vaults:3 | Gained mutation: Your spells are a little harder to cast,
                  | but a little more powerful. [Xom's grace]
 57146 | Vaults:3 | Gained mutation: You are very agile. (Dex +8, Str/Int -2)
                  | [Xom's grace]
 57146 | Vaults:3 | Gained mutation: You are strong-willed. (Will+) [Xom's
                  | grace]
 57146 | Vaults:3 | Gained mutation: You possess an exceptional clarity of
                  | mind. [Xom's grace]
 57170 | Vaults:3 | XOM: cast spell 'Summon Mana Viper'
 57204 | Vaults:3 | XOM: 1-stop teleportation journey
 57213 | Vaults:3 | Reached skill level 7 in Translocations
 57358 | Vaults:3 | XOM: polymorph cyan ugly thing -> red ugly thing
 57363 | Vaults:3 | Reached skill level 3 in Air Magic
 57383 | Vaults:3 | XOM: 6-stop teleportation journey
 57506 | Vaults:3 | XOM: summons friendly quasit
 57517 | Vaults:3 | XOM: polymorph ironbound convoker -> guardian serpent
 57649 | Vaults:2 | Reached skill level 8 in Translocations
 57997 | Vaults:3 | XOM: polymorph ironbound preserver -> ghost moth
 58116 | Vaults:3 | XOM: cleaving
 58158 | Vaults:3 | XOM: cast spell 'Summon Small Mammal'
 58161 | Vaults:3 | XOM: scenery: 2 doors open
 58296 | Vaults:3 | Got the Anthology of Spectral Mud
 58320 | Vaults:3 | Found a staircase to the Crypt.
 58477 | Vaults:3 | Reached skill level 9 in Translocations
 58759 | Vaults:4 | Found a portal to a secret trove of treasure.
 58768 | Vaults:4 | You paid a toll of 5 potions of resistance to enter a
                  | treasure trove
 58769 | Trove    | Entered a treasure trove
 59011 | Vaults:4 | Reached XP level 21. HP: 64/110 MP: 29/36
 59067 | Vaults:4 | Found Ijol's Armour Boutique.
 59069 | Vaults:4 | XOM: chaos upgrade
 59072 | Vaults:4 | XOM: summons friendly white imp
 59171 | Vaults:4 | Reached skill level 4 in Air Magic
 59174 | Vaults:4 | XOM: confuse monster(s)
 59283 | Vaults:4 | Reached skill level 10 in Translocations
 59336 | Vaults:4 | Reached skill level 9 in Ice Magic
 59434 | Vaults:4 | XOM: god gift: wand of mindburst (2)
 59814 | Vaults:4 | XOM: god gift: 4 stones
 59924 | Vaults:4 | XOM: divination: detect creatures
 59932 | Vaults:4 | Reached skill level 12 in Evocations
 60010 | Vaults:4 | Found Yrug's Weapon Shop.
 60086 | Vaults:4 | XOM: scenery: create altars
 60122 | Vaults:4 | XOM: give mutation
 60122 | Vaults:4 | Lost mutation: Your mind is acute. (Int +4, Str/Dex -1)
                  | [Xom's mischief]
 60381 | D:13     | XOM: summons 2 hostile shadow creatures
 60441 | D:13     | Reached skill level 11 in Translocations
 60448 | D:13     | XOM: fake destruction
 60457 | D:13     | XOM: god gift: 3 curare-tipped darts
 60465 | D:13     | Killed kskgo's ghost
 60558 | D:13     | XOM: summons 7 hostile demons
 60766 | Lair:2   | XOM: enchant monster (bad)
 60827 | Lair:2   | XOM: scenery: summon butterflies
 61512 | Lair:3   | XOM: divination: detect creatures
 61693 | Shoals:1 | Killed Louise
 61925 | Shoals:3 | XOM: noise
 61938 | Shoals:3 | XOM: polymorph alligator snapping turtle -> shapeshifter
 62165 | Shoals:4 | XOM: summons 2 friendly demons
 62227 | Shoals:4 | XOM: enchant monster (bad)
 62382 | Shoals:4 | Reached skill level 5 in Air Magic
 62496 | Shoals:3 | XOM: 6-stop teleportation journey
 62584 | Shoals:4 | XOM: enchant monster (good)
 62817 | Shoals:3 | XOM: cloud trail
 62862 | Shoals:4 | Reached skill level 12 in Translocations
 62950 | Shoals:4 | XOM: noise
 63262 | Shoals:4 | XOM: smoke on damage
 63416 | Shoals:4 | XOM: noise
 63465 | Shoals:3 | XOM: 2-stop teleportation journey
 63514 | Shoals:4 | XOM: 1-stop teleportation journey
 64002 | Shoals:4 | XOM: noise
 64095 | Shoals:4 | XOM: enchant monster (good)
 64165 | Shoals:4 | XOM: noise
 64314 | Shoals:4 | XOM: silly message
 64449 | Shoals:4 | Got a barnacled rune of Zot
 64797 | Elf:2    | XOM: give mutations
 64797 | Elf:2    | Gained mutation: Your skin blends seamlessly with your
                  | surroundings (Stealth++). [Xom's mischief]
 64797 | Elf:2    | Lost mutation: Your magical capacity is low. (-10% MP)
                  | [Xom's mischief]
 64797 | Elf:2    | Lost mutation: You occasionally lose the ability to read
                  | scrolls when taking damage. [Xom's mischief]
 64797 | Elf:2    | Gained mutation: You occasionally lose the ability to read
                  | scrolls when taking damage. [Xom's mischief]
 65008 | Elf:2    | XOM: cloud trail
 65018 | Elf:2    | XOM: 2-stop teleportation journey
 65162 | Elf:2    | Reached skill level 6 in Air Magic
 65171 | Elf:2    | Reached skill level 10 in Ice Magic
 65389 | Elf:2    | Reached skill level 13 in Translocations
 65559 | Elf:2    | XOM: summons 5 friendly demons
 65604 | Elf:3    | Entered Level 3 of the Elven Halls
 65617 | Elf:3    | Paralysed by an air elemental for 1 turns
 65627 | Elf:3    | Reached skill level 13 in Evocations
 65825 | Elf:3    | Identified the +1 pair of gloves of Farfalle {Fly Str-5
                  | Int+3 Slay+5}
 65843 | Elf:3    | XOM: cloud trail
 66033 | Elf:3    | XOM: 2-stop teleportation journey
 66054 | Elf:3    | XOM: give mutations
 66054 | Elf:3    | Lost mutation: You are very agile. (Dex +8, Str/Int -2)
                  | [Xom's mischief]
 66054 | Elf:3    | Lost mutation: You possess an exceptional clarity of mind.
                  | [Xom's mischief]
 66054 | Elf:3    | Lost mutation: Your skin blends seamlessly with your
                  | surroundings (Stealth++). [Xom's mischief]
 66132 | Elf:3    | XOM: give mutations
 66132 | Elf:3    | Gained mutation: You are partially covered in iridescent
                  | scales. (AC +2) [Xom's grace]
 66132 | Elf:3    | Gained mutation: Your muscles are strong. (Str +4, Int/Dex
                  | -1) [Xom's grace]
 66470 | Elf:3    | XOM: 2-stop teleportation journey
 66643 | Elf:3    | XOM: swap monsters
 66747 | Elf:3    | XOM: summons 11 hostile demons
 66820 | Elf:3    | Found a bloodstained altar of Trog.
 66880 | Elf:3    | XOM: give mutations
 66880 | Elf:3    | Lost mutation: You have a pair of small horns on your head.
                  | [Xom's mischief]
 66880 | Elf:3    | Lost mutation: You are strong-willed. (Will+) [Xom's
                  | mischief]
 66943 | Elf:3    | XOM: silly message
 67024 | Elf:3    | XOM: draining
 67082 | Elf:3    | Killed from afar by a deep elf annihilator
 67578 | Elf:3    | XOM: divination: magic mapping
 67800 | Elf:3    | XOM: god gift: potion of might
 67809 | Elf:3    | Reached skill level 14 in Translocations
 67809 | Elf:3    | Reached XP level 22. HP: 114/114 MP: 23/41
 67915 | Elf:3    | Identified the +7 quarterstaff of Rubbish {freeze, rC+
                  | Will+}
 68089 | Elf:3    | Identified the +11 halberd of the Realm of Zot {drain,
                  | Str-3 Int+6}
 68119 | Elf:3    | XOM: god gift: pair of gloves {god gift}
 68362 | Elf:3    | XOM: give mutations
 68362 | Elf:3    | Gained mutation: You are very agile. (Dex +8, Str/Int -2)
                  | [Xom's grace]
 68362 | Elf:3    | Gained mutation: You are mostly covered in iridescent
                  | scales. (AC +4) [Xom's grace]
 68628 | Elf:3    | XOM: god gift: wand of polymorph (2)
 68734 | Elf:3    | XOM: give mutation
 68734 | Elf:3    | Gained mutation: Your flesh is cold resistant. (rC+) [Xom's
                  | mischief]
 69016 | Orc:2    | XOM: summons 2 hostile shadow creatures
 69054 | Orc:2    | Bought a book of Displacement for 286 gold pieces
 69057 | Orc:2    | Learned a level 2 spell: Lesser Beckoning
 69057 | Orc:2    | Bought a book of Vapours for 338 gold pieces
 69063 | Orc:2    | Learned a level 5 spell: Freezing Cloud
 69202 | Depths:1 | Entered Level 1 of the Depths
 69286 | Depths:1 | XOM: divination: detect items
 69287 | Depths:1 | XOM: summons 8 friendly demons
 69310 | Depths:1 | Reached skill level 11 in Ice Magic
 69430 | Depths:1 | Noticed Nikola
 69444 | Depths:1 | Killed Nikola
 69531 | Depths:1 | Found a sparkling altar of Nemelex Xobeh.
 69672 | Depths:1 | Reached skill level 14 in Evocations
 69859 | Depths:1 | You fall into a shaft and drop 1 floor!
 69859 | Depths:2 | Noticed Mara
 69864 | Depths:2 | Noticed EnegeticOcto's illusion
 69864 | Depths:2 | XOM: noise
 69891 | Depths:3 | Found a one-way gate to the infinite horrors of the Abyss.
 69976 | Depths:3 | XOM: blink monster(s)
 70051 | Depths:3 | Found a runed translucent door.
 70084 | Depths:3 | Noticed Ruycyam's ghost (veteran TeGl)
 70140 | Depths:3 | XOM: swap monsters
 70195 | Depths:3 | XOM: give mutation
 70195 | Depths:3 | Lost mutation: You are very agile. (Dex +8, Str/Int -2)
                  | [Xom's mischief]
 70616 | Depths:3 | XOM: summons 2 hostile demons
 70715 | Depths:3 | XOM: divination: detect items
 70774 | Depths:3 | Reached skill level 9 in Conjurations
 70787 | Depths:3 | XOM: god gift: flail {god gift}
 70812 | Depths:3 | Reached skill level 7 in Air Magic
 70911 | Depths:3 | Found a gateway to Hell.
 70911 | Depths:3 | Found a one-way gateway to a ziggurat.
 70976 | Depths:3 | XOM: divination: detect creatures
 71410 | Depths:3 | XOM: summons 6 friendly demons
 71412 | Depths:3 | XOM: divination: detect creatures
 71876 | Depths:1 | XOM: 1-stop teleportation journey
 72669 | Depths:2 | XOM: 1-stop teleportation journey
 72685 | Depths:2 | XOM: confuse monster(s)
 72720 | Depths:4 | Entered Level 4 of the Depths
 72720 | Depths:4 | XOM: blink monster(s)
 72861 | Depths:4 | XOM: summons 1 hostile shadow creature
 72863 | Depths:4 | XOM: summons 10 hostile demons
 72864 | Depths:4 | XOM: polymorph spriggan berserker -> goliath frog
 72867 | Depths:4 | Reached skill level 12 in Ice Magic
 73101 | Depths:3 | XOM: noise
 73405 | Depths:4 | XOM: polymorph deep troll earth mage -> goliath frog
 73408 | Depths:4 | XOM: confuse monster(s)
 73411 | Depths:4 | XOM: cleaving
 73412 | Depths:4 | Reached skill level 8 in Air Magic
 73420 | Depths:4 | XOM: summons 4 friendly demons
 73431 | Depths:4 | Reached skill level 10 in Conjurations
 73559 | Depths:4 | Found a gate to the Realm of Zot.
 73559 | Depths:4 | Noticed a golden dragon
 73559 | Depths:4 | XOM: 1-stop teleportation journey
 73568 | Depths:4 | XOM: enchant monster (good)
 73738 | Depths:4 | XOM: god gift: scroll of summoning
 73797 | Depths:4 | Found a one-way gate leading to the halls of Pandemonium.
 73988 | Depths:3 | XOM: cast spell 'Alistair's Intoxication'
 73995 | Depths:3 | XOM: silly message
 74060 | Depths:3 | Reached XP level 23. HP: 100/118 MP: 10/42
 74060 | Depths:3 | XOM: swap monsters
 74063 | Depths:3 | Killed from afar by a fire giant
 74135 | Depths:3 | XOM: swap monsters
 74583 | Depths:3 | XOM: 8-stop teleportation journey
 74610 | Depths:3 | XOM: butterfly on damage
 74756 | Depths:3 | XOM: god gift: 16 gold pieces
 75025 | Depths:3 | Found a one-way gate to the infinite horrors of the Abyss.
 75100 | Depths:3 | Found a one-way gateway to a ziggurat.
 75278 | Depths:3 | XOM: summons 2 hostile demons
 75539 | Depths:3 | XOM: cloud trail
 75711 | Depths:4 | XOM: 2-stop teleportation journey
 75718 | Depths:4 | XOM: cast spell 'Summon Small Mammal'
 75855 | Depths:4 | Reached skill level 9 in Air Magic
 75955 | Depths:4 | Noticed the Enchantress
 75958 | Depths:4 | Killed the Enchantress
 76056 | Depths:4 | XOM: smoke on damage
 76290 | Depths:3 | XOM: give mutations
 76290 | Depths:3 | Gained mutation: Your flesh is heat resistant. (rF+) [Xom's
                  | grace]
 76290 | Depths:3 | Gained mutation: You passively map a small area around you.
                  | [Xom's grace]
 77038 | Depths:4 | Reached skill level 11 in Conjurations
 77105 | Depths:4 | XOM: stat loss: -1 Str (10/11)
 77194 | Depths:4 | Reached skill level 13 in Ice Magic
 77285 | Depths:4 | XOM: enchant monster (bad)
 77445 | Depths:4 | Got the Reference Book on Vitriolic Glaciation
 77527 | Depths:4 | Noticed Xtahua
 77543 | Depths:4 | Killed Xtahua
 77556 | Depths:4 | XOM: blink monster(s)
 78093 | Depths:2 | XOM: cleaving
 78513 | Depths:2 | Reached skill level 10 in Air Magic
 78595 | Depths:2 | XOM: summons friendly iron imp
 78781 | Depths:2 | XOM: fog
 79095 | Depths:2 | XOM: give mutations
 79095 | Depths:2 | Gained mutation: You are very agile. (Dex +8, Str/Int -2)
                  | [Xom's grace]
 79095 | Depths:2 | Gained mutation: You have hidden genetic potential. [Xom's
                  | grace]
 79184 | Depths:2 | XOM: scenery: create altars
 79373 | Depths:2 | XOM: fog
 79446 | Depths:2 | XOM: 1-stop teleportation journey
 79464 | Depths:2 | XOM: fake destruction
 79471 | Depths:2 | Reached skill level 12 in Conjurations
 79476 | Depths:2 | XOM: summons friendly iron imp
 79870 | Depths:2 | Reached skill level 14 in Ice Magic
 79930 | Depths:2 | XOM: smoke on damage
 80278 | Depths:2 | XOM: god gift: chain mail {god gift}
 80532 | Depths:2 | Reached skill level 1 in Necromancy
 80626 | Depths:2 | XOM: give mutation
 80626 | Depths:2 | Gained mutation: You are completely covered in iridescent
                  | scales. (AC +6) [Xom's mischief]
 80783 | Depths:2 | Killed Mara
 80784 | Depths:2 | Reached skill level 2 in Necromancy
 80904 | Depths:2 | XOM: noise
 81310 | Depths:1 | XOM: noise
 81472 | Vaults:4 | You fall into a shaft and drop 1 floor!
 81472 | Vaults:5 | Entered Level 5 of the Vaults
 81472 | Vaults:5 | XOM: chaos upgrade
 81481 | Vaults:5 | Reached skill level 3 in Necromancy
 81513 | Vaults:5 | XOM: swap monsters
 81696 | Vaults:5 | Learned a level 2 spell: Wereblood
 81747 | Vaults:5 | Identified the +0 robe of Fun {+Inv rF- Dex+6 SInv}
 81754 | Vaults:5 | Reached skill level 4 in Necromancy
 81919 | Vaults:5 | Noticed a dread lich
 81919 | Vaults:5 | XOM: 3-stop teleportation journey
 81951 | Vaults:5 | XOM: butterfly on damage
 81954 | Vaults:5 | Reached XP level 24. HP: 115/123 MP: 24/42
 81976 | Vaults:5 | Reached skill level 5 in Necromancy
 81979 | Vaults:5 | XOM: enchant monster (bad)
 82041 | Vaults:5 | Reached skill level 6 in Necromancy
 82047 | Vaults:5 | Learned a level 4 spell: Dispel Undead
 82310 | Vaults:5 | XOM: scenery: summon butterflies
 82331 | Vaults:5 | XOM: polymorph butterfly -> adder
 82703 | Vaults:5 | Identified the +5 war axe of Rege {heavy, *Rage Str+2
                  | Int+6}
 82703 | Vaults:5 | Noticed Bai Suzhen
 82708 | Vaults:5 | XOM: silly message
 82835 | Vaults:5 | Killed Bai Suzhen
 82836 | Vaults:5 | Reached skill level 7 in Necromancy
 82915 | Vaults:5 | Identified the +1 great sword of Circularity {elec, Dex+5}
 82970 | Vaults:5 | XOM: noise
 83145 | Vaults:5 | Identified the staff "Siahefo" {rN+ rCorr Str+2 Dex+3
                  | Necro}
 83145 | Vaults:5 | Identified the +1 robe "Viam" {rF+ Slay+3}
 83148 | Vaults:5 | XOM: butterfly on damage
 83225 | Vaults:5 | XOM: confuse monster(s)
 83356 | Vaults:5 | XOM: cloud trail
 83440 | Vaults:5 | Reached skill level 8 in Necromancy
 83464 | Vaults:5 | XOM: cast spell 'Dispersal'
 83545 | Vaults:5 | Identified the staff "Numevaz" {Drain rElec rPois Str+3
                  | Int+7 Dex-2 Air}
 83623 | Vaults:5 | Identified the +2 morningstar of the Little People {venom,
                  | *Noise Str+5 Dex+4}
 83623 | Vaults:5 | Identified the ring "Pesopsuthro" {rCorr EV+5}
 83623 | Vaults:5 | XOM: 1-stop teleportation journey
 83698 | Vaults:5 | Identified the amulet of Taaff {Harm rN+ Regen+ Int-3
                  | Stlth+}
 83701 | Vaults:5 | XOM: confuse monster(s)
 83714 | Vaults:5 | Identified the +0 chain mail of Reiplid {Rampage Will-
                  | Str+4 Int+2}
 83744 | Vaults:5 | Reached skill level 11 in Shapeshifting
 83746 | Vaults:5 | XOM: butterfly on damage
 83747 | Vaults:5 | Identified the +4 sling "Duikham" {freeze, rC+++ Dex+8
                  | Stlth-}
 83945 | Vaults:5 | XOM: cloud trail
 84046 | Vaults:5 | Reached skill level 9 in Necromancy
 84077 | Vaults:5 | Killed a dread lich
 84159 | Vaults:5 | Identified the ring of Linearity {EV+5 Int+5}
 84168 | Vaults:5 | Got Ybluimuff's Tome of the Wayfarer
 84180 | Vaults:5 | Got a silver rune of Zot
 84195 | Vaults:5 | Identified the +4 great sword of Imbalance {protect, Int+3}
 84223 | Vaults:5 | Got the Spellbook of Confrontation and the Gestalt
 84278 | Vaults:5 | Gained mutation: Your system is resistant to poisons.
                  | (rPois) [hidden potential]
 84449 | Vaults:5 | XOM: cast spell 'Monstrous Menagerie'
 84523 | Vaults:5 | XOM: cleaving
 84588 | Vaults:5 | Identified the +1 glaive of Kygaakah {flame, *Slow +Blink
                  | rElec Dex+3}
 84704 | Vaults:5 | XOM: summons 3 hostile shadow creatures
 85493 | Vaults:5 | Reached skill level 10 in Necromancy
 85500 | Vaults:5 | Reached skill level 12 in Shapeshifting
 85507 | Vaults:5 | XOM: god gift: 8 stones
 85704 | Crypt:1  | XOM: noise
 85704 | Crypt:1  | Entered Level 1 of the Crypt
 85876 | Crypt:1  | Noticed Vv
 86026 | Crypt:1  | Killed Vv
 86117 | Crypt:1  | XOM: cloud trail
 86219 | Crypt:1  | Noticed Zenata
 86228 | Crypt:1  | Found a transporter.
 86228 | Crypt:1  | Found a transporter.
 86228 | Crypt:1  | Noticed Vaufon's ghost (veteran GrFi)
 86683 | Crypt:1  | XOM: give mutations
 86683 | Crypt:1  | Lost mutation: You are completely covered in iridescent
                  | scales. (AC +6) [Xom's mischief]
 86683 | Crypt:1  | Lost mutation: Your spells are a little harder to cast, but
                  | a little more powerful. [Xom's mischief]
 86683 | Crypt:1  | Lost mutation: Your flesh is cold resistant. (rC+) [Xom's
                  | mischief]
 86807 | Crypt:1  | XOM: 1-stop teleportation journey
 86863 | Crypt:1  | XOM: scenery: 3 doors close
 86936 | Crypt:1  | Identified the +2 battleaxe of Wyrd {speed, Dex+7}
 86995 | Crypt:1  | XOM: cloud trail
 87123 | Crypt:1  | XOM: cloud trail
 87233 | Crypt:1  | Identified the ring "Jopul Jeump" {rCorr MP+9 Str+6}
 87298 | Crypt:1  | Killed Zenata
 87299 | Crypt:1  | Reached skill level 11 in Necromancy
 87913 | Vaults:3 | XOM: god gift: 5 stones
 88140 | Zot:1    | Entered Level 1 of the Realm of Zot
 88143 | Zot:1    | Noticed an orb of fire
 88167 | Zot:1    | Reached skill level 13 in Shapeshifting
 88173 | Depths:4 | Gained mutation: You are occasionally teleported next to
                  | monsters. [an orb of fire]
 88186 | Depths:4 | Gained mutation: Your body sometimes deteriorates upon
                  | taking damage. [an orb of fire]
 88195 | Depths:4 | Killed an orb of fire
 88245 | Depths:4 | Lost mutation: Your body sometimes deteriorates upon taking
                  | damage. [potion of mutation]
 88245 | Depths:4 | Lost mutation: You are very agile. (Dex +8, Str/Int -2)
                  | [potion of mutation]
 88245 | Depths:4 | Lost mutation: You passively map a small area around you.
                  | [potion of mutation]
 88245 | Depths:4 | Lost mutation: You occasionally lose the ability to read
                  | scrolls when taking damage. [potion of mutation]
 88246 | Depths:4 | Lost mutation: You are robust. (+10% HP) [potion of
                  | mutation]
 88246 | Depths:4 | Lost mutation: You are mostly covered in iridescent scales.
                  | (AC +4) [potion of mutation]
 88246 | Depths:4 | Gained mutation: Your muscles are very strong. (Str +8,
                  | Int/Dex -2) [potion of mutation]
 88247 | Depths:4 | Lost mutation: You are partially covered in iridescent
                  | scales. (AC +2) [potion of mutation]
 88247 | Depths:4 | Lost mutation: Your system is resistant to poisons. (rPois)
                  | [potion of mutation]
 88247 | Depths:4 | Lost mutation: Your skin changes colour to match your
                  | surroundings (Stealth+). [potion of mutation]
 88247 | Depths:4 | Lost mutation: You are agile. (Dex +4, Str/Int -1) [potion
                  | of mutation]
 88259 | Depths:4 | XOM: 2-stop teleportation journey
 88712 | Depths:4 | Identified the amulet "Nuavogang" {Faith Harm Rampage Fly
                  | SInv} (Xom gifted it to you on level 4 of the Depths)
 88712 | Depths:4 | XOM: god gift: amulet "Nuavogang" {Faith Harm Rampage Fly
                  | SInv}
 89287 | Depths:4 | XOM: give mutations
 89287 | Depths:4 | Gained mutation: You are strong-willed. (Will+) [Xom's
                  | grace]
 89287 | Depths:4 | Gained mutation: You are highly strong-willed. (Will++)
                  | [Xom's grace]
 89481 | Depths:4 | XOM: give mutations
 89481 | Depths:4 | Gained mutation: You are agile. (Dex +4, Str/Int -1) [Xom's
                  | grace]
 89481 | Depths:4 | Gained mutation: Your mind is acute. (Int +4, Str/Dex -1)
                  | [Xom's grace]
 89481 | Depths:4 | Gained mutation: Your flesh is very heat resistant. (rF++)
                  | [Xom's grace]
 89523 | Depths:4 | XOM: god gift: 733 gold pieces
 90025 | Depths:2 | XOM: noise
 90446 | D:15     | XOM: divination: magic mapping
 90711 | D:15     | XOM: torment (57/112 hp)
 90815 | D:15     | XOM: silly message
 91639 | D:15     | XOM: give mutation
 91639 | D:15     | Gained mutation: You are partially covered in iridescent
                  | scales. (AC +2) [Xom's grace]
 91812 | D:15     | XOM: 2-stop teleportation journey
 92507 | D:15     | XOM: summons 9 hostile demons
 92660 | D:14     | XOM: give mutations
 92660 | D:14     | Gained mutation: You are mostly covered in iridescent
                  | scales. (AC +4) [Xom's grace]
 92660 | D:14     | Gained mutation: You are extremely strong-willed. (Will+++)
                  | [Xom's grace]
 92660 | D:14     | Gained mutation: You have a pair of small horns on your
                  | head. [Xom's grace]
 92837 | D:14     | XOM: give mutation
 92837 | D:14     | Lost mutation: You are occasionally teleported next to
                  | monsters. [Xom's mischief]
 92893 | Depths:1 | XOM is BORED!
 92893 | Depths:1 | XOM: give mutations
 92893 | Depths:1 | Lost mutation: Your mind is acute. (Int +4, Str/Dex -1)
                  | [Xom's mischief]
 92893 | Depths:1 | Lost mutation: You are extremely strong-willed. (Will+++)
                  | [Xom's mischief]
 92893 | Depths:1 | Lost mutation: You are highly strong-willed. (Will++)
                  | [Xom's mischief]
 92893 | Depths:1 | Lost mutation: You expend magic power (3 MP) to strengthen
                  | your wands. [Xom's mischief]
 92955 | Zot:1    | XOM: silly message
 93066 | Zot:1    | XOM: enchant monster (bad)
 93089 | Zot:1    | Reached XP level 25. HP: 51/115 MP: 26/42
 93103 | Zot:1    | Reached skill level 14 in Transmutations
 93116 | Zot:1    | XOM: smoke on damage
 93126 | Zot:1    | Found the +4 dragonskin cloak
 93126 | Zot:1    | Noticed Tiamat
 93277 | Zot:1    | Tiamat changed into Tiamat the caustic shrike
 93277 | Zot:1    | Noticed Tiamat
 93284 | Zot:1    | XOM: give mutations
 93284 | Zot:1    | Lost mutation: Your muscles are very strong. (Str +8,
                  | Int/Dex -2) [Xom's mischief]
 93284 | Zot:1    | Gained mutation: You have a pair of horns on your head.
                  | [Xom's mischief]
 93284 | Zot:1    | Lost mutation: You are mostly covered in iridescent scales.
                  | (AC +4) [Xom's mischief]
 93288 | Zot:1    | Killed Tiamat the caustic shrike
 93288 | Zot:1    | XOM: enchant monster (bad)
 93289 | Zot:1    | Reached skill level 14 in Shapeshifting
 93296 | Zot:1    | XOM: swap monsters
 93401 | Zot:1    | XOM: 4-stop teleportation journey
 93436 | Zot:1    | XOM: enchant monster (bad)
 93441 | Zot:1    | XOM: enchant monster (good)
 93495 | Zot:1    | XOM: enchant monster (good)
 94348 | Zot:1    | XOM: 1-stop teleportation journey
 94407 | Zot:1    | XOM: fog
 94413 | Zot:1    | XOM: swap monsters
 94840 | Zot:2    | XOM: summons 2 friendly demons
 94913 | Zot:2    | XOM: enchant monster (good)
 94925 | Zot:1    | XOM: silly message
 95119 | Zot:3    | XOM: divination: detect creatures
 95123 | Zot:3    | Learned a level 6 spell: Dispersal
 95151 | Zot:5    | Entered Level 5 of the Realm of Zot
 95152 | Zot:5    | Noticed a Killer Klown
 95168 | Zot:5    | Killed a Killer Klown
 95247 | Zot:5    | XOM: enchant monster (bad)
 95571 | Zot:5    | XOM: noise
 95622 | Zot:5    | Gained mutation: You expend magic power (3 MP) to
                  | strengthen your wands. [hidden potential]
 95622 | Zot:5    | Lost mutation: You have hidden genetic potential. [hidden
                  | potential expressed]
 95973 | Zot:5    | Reached skill level 12 in Necromancy
 96252 | Zot:5    | XOM: confusion
 96321 | Zot:5    | Reached skill level 13 in Conjurations
 96321 | Zot:5    | Reached skill level 11 in Air Magic
 96321 | Zot:5    | Reached XP level 26. HP: 120/120 MP: 42/42
 96350 | Zot:5    | Noticed an orb of fire
 96350 | Zot:5    | Noticed an ancient lich
 96350 | Zot:5    | XOM: noise
 96356 | Zot:5    | Got the Orb of Zot
 96359 | Zot:5    | XOM: polymorph Orb Guardian -> catoblepas
 96367 | Zot:5    | XOM: polymorph golden dragon -> shapeshifter
 96682 | D:10     | XOM: scenery: 3 doors close
 96925 | D:$      | Escaped with the Orb!

Illustrated notes

Levels and vault maps discovered:
D:1:      elethiomel_arrival_fortress_basement, layout_loops_ring
D:2:      layout_loops_ring, hellmonk_ecumenical_altar_pennies_from_heaven,
          serial_shops, shop
D:3:      layout_loops_ring, zin_purify, serial_undead, serial_undead_f,
          serial_undead_e, serial_undead_b, serial_undead_b, serial_undead_a,
          serial_undead_b, serial_bayou_lagoon_a, minmay_misc_feat_plants
D:4:      layout_rooms, enter_ossuary_2, serial_library_hellmonk_statue_hall,
          sigmund_army
D:5:      layout_rooms, mainiacjoe_overflow_alcove_1,
          nicolae_ru_sacrificial_ziggurat,
          nicolae_gozag_cash_rules_everything_around_me, serial_shops,
          nicolae_shop_rolling_square
D:6:      layout_loops_ring, xom_confusion_cloud
D:7:      layout_cave_pods, nicolae_uskayaw_suspiria, minmay_temple_entry_glass,
          kennysheep_generic_room_5
D:8:      layout_loops_ring, mainiacjoe_overflow_big_doors, enter_bailey_5,
          lemuel_flamethrower_2
D:9:      layout_layer_cave, minivault_24
D:10:     layout_irregular_city, nicolae_underground_beach
D:11:     layout_loops_ring, lair_entry_dummy
D:12:     layout_loops_ring, orc_0_dummy, led_sif_pool, uniq_frances
D:13:     layout_roguey, gammafunk_ghost_fury_of_okawaru, minmay_pinched_square
D:14:     layout_irregular_city, lightli_vaults_fourway_checkpoint,
          serial_rivers, chequers_serial_rivers_small_b,
          chequers_serial_rivers_large_a, chequers_serial_rivers_micro_b,
          chequers_serial_rivers_small_3, chequers_serial_rivers_micro_d,
          nicolae_qazlal_eye_of_the_storm, uniq_kirke
D:15:     gammafunk_depths_entry_grave, layout_rooms
Lair:1:   layout_regular_city, dpeg_stationary_puzzle, grunt_megastairs_2,
          uniq_joseph
Lair:2:   minmay_lair_oklob_tunnel, layout_cave_pods, elwin_shoals_entry_rocks,
          spider_nest_entry_rubble, uniq_maggie
Lair:3:   layout_chaotic_city, gauntlet_entry_generic, serial_bayou_crossing,
          uniq_prince_ribbit2, uniq_sonja
Lair:4:   dreamdust_labyrinth, layout_loops_ring
Lair:5:   minmay_lair_end_enchanted_forest, layout_layer_cave,
          nicolae_slime_entry_field_trip, patterned_corridor,
          infiniplex_staircase_pool_2, grunt_megastairs_3, lemuel_fruit_tree,
          uniq_nessos
Shoals:1: argonaut_golden_fleece, layout_shoals, nicolae_shoals_land_atoll,
          uniq_louise
Shoals:2: layout_shoals
Shoals:3: layout_shoals, uniq_ilsuiw
Shoals:4: shoals_end_grunt_garden, layout_shoals
Spider:1: layout_spider_delve
Spider:2: nicolae_spider_hilbert_zone_1 [nicolae_spider_hilbert_4_sides_1_open,
          nicolae_spider_hilbert_4_sides_1_open,
          nicolae_spider_hilbert_4_sides_1_open,
          nicolae_spider_hilbert_4_sides_1_open,
          nicolae_spider_hilbert_3_sides_1_open,
          nicolae_spider_hilbert_3_sides_1_open,
          nicolae_spider_hilbert_3_sides_1_open,
          nicolae_spider_hilbert_3_sides_1_open,
          nicolae_spider_hilbert_3_sides_1_open,
          nicolae_spider_hilbert_6_sides_1_open,
          nicolae_spider_hilbert_6_sides_1_open,
          nicolae_spider_hilbert_3_sides_1_open,
          nicolae_spider_hilbert_3_sides_1_open,
          nicolae_spider_hilbert_3_sides_1_open,
          nicolae_spider_hilbert_3_sides_1_open,
          nicolae_spider_hilbert_2_sides_1_open]
Spider:3: nicolae_spider_brood_tunnel, ebering_ghost_xom,
          hellmonk_motheaten_closet
Spider:4: hellmonk_spider_rune_endless_swarm, uniq_arachne, uniq_aizul
Orc:1:    layout_caves, serial_shops, nicolae_shop_crystal, library_closet,
          uniq_erolcha, uniq_nergalle, uniq_josephine
Orc:2:    grunt_orc_tribal_feast, layout_diamond_mine, basic_altar, uniq_urug,
          uniq_azrael
Elf:1:    eino_elf_arrival_shootout, layout_geoelf_octagon, evilmike_minifort
Elf:2:    nicolae_elf_blades_splatter_lattice
          [nicolae_blade_entry_hurt_lockers], layout_geoelf_diagonals
Elf:3:    grunt_elf_hall_asides, layout_geoelf_diagonals, chequers_big_river,
          evilmike_spriggan_trog_shrine
Vaults:1: nicolae_vaults_storage_room_glass, vaults_standard_mumra_x,
          nicolae_vaults_network_quincunx
          [nicolae_vaults_network_quincunx_subvault,
          nicolae_vaults_network_quincunx_subvault,
          nicolae_vaults_network_quincunx_subvault,
          nicolae_vaults_network_quincunx_subvault,
          nicolae_vaults_network_quincunx_subvault], vaults_room_octagon,
          nicolae_vaults_weapon_check, nicolae_vaults_house_1,
          nicolae_vaults_closet_pinwheel_5, nicolae_vaults_more_shelving_2,
          layout_vaults_omnicross, uniq_saint_roka
Vaults:2: nicolae_vaults_mitosis, nicolae_vaults_what_the_h,
          nicolae_vaults_arrows, nicolae_vaults_trapezoid_lopsided_1,
          vaults_room_fours, nicolae_vaults_network_s, dpeg_vaults_monster_box,
          nicolae_vaults_tangram_1, nicolae_vaults_double_plus_2,
          vaults_mumra_chevron, layout_vaults_maze_bifur, serial_shops,
          nicolae_shop_just_a_little_nook, shop, nicolae_shop_tiny_statue_garden
Vaults:3: vaults_room_door_hall, vaults_dpeg_cross, nicolae_vaults_two_Ls,
          st_eye, vaults_room_pool, nicolae_vaults_heart-shaped_vault,
          v_alt_pattern_6, minmay_crypt_entry_simple_corners,
          nicolae_vaults_closet_pinwheel_4, nicolae_vaults_big_ls,
          nicolae_vaults_door_testing_chamber, layout_vaults_big_room,
          uniq_margery
Vaults:4: nicolae_vaults_diagonal_hallway_6,
          nicolae_vaults_variable_pillar_hall,
          vaults_standard_mumra_enter_the_diamond, vaults_mumra_hex,
          nicolae_vaults_taking_the_gang_shopping, grunt_vaults_swirl,
          v_alt_pattern_2, v_misc_4, ontoclasm_vaults_ring_small, st_more_cells,
          nicolae_vaults_trapezoid_lopsided_1, serial_ice_b, vaults_room_grid,
          vaults_mumra_lcd, layout_vaults_ring, nicolae_trove_entry_free_sample,
          serial_shops, nicolae_shop_bloodbath_and_beyond
Vaults:5: serial_shops, uniq_bai_suzhen
Crypt:1:  layout_chaotic_city, gammafunk_ghost_arena, grunt_megastairs_4,
          grunt_crypt_arrival_split, uniq_zenata, uniq_vv
Depths:1: layout_gridlike, nemelex_spade_bored_becter, hell_entry,
          chequers_serial_rivers_micro_a, kennysheep_underground_church,
          uniq_nikola
Depths:2: minmay_imperfect_grid, layout_cave_pools, rand_demon_pan_entry_7,
          hell_entry, minmay_misc_feat_four_crosses,
          infiniplex_staircase_zigzag_1, uniq_mara
Depths:3: cheibrodos_salmonella, layout_small_grid, enter_ziggurat_c,
          hell_entry, muffindrake_ghost_three_little_ghosts,
          minmay_misc_feat_roman, abyss_entry_crystal
Depths:4: grunt_zot_entry_tricorne, layout_long_grid, rand_demon_pan_entry_4,
          lightli_too_deep, drop_trap, uniq_enchantress, uniq_xtahua
Zot:1:    layout_onion, hangedman_zot_decor_unnerving_road, grunt_megastairs_1,
          uniq_tiamat
Zot:2:    layout_misc_corridors, regret_index_zotdec_onion_hex,
          regret_index_zotdec_ceiling_fans, lemuel_lich_library
Zot:3:    layout_concentric_octagons, regret_index_zotdec_stipple_waver,
          regret_index_zotdec_banners, uniq_grunn
Zot:4:    layout_cathedral_of_symmetry, bh_zot_lava_cross
Zot:5:    layout_basic

Skill      XL: |  1  2  3  4  5  6  7  8  9 10 11 12 13 14 15 16 17 18 19 20 21 22 23 24 25 |
---------------+----------------------------------------------------------------------------+-----
Stealth        | 2 3 5 7 8 9 10 13 14 | 14.9
Dodging        | 4 5 6 8 9 10 12 14 | 14.9
Unarmed Combat | 4 5 6 7 8 11 12 14 | 14.9
Fighting       | 5 9 10 12 13 14 | 14.9
Evocations     | 3 4 5 6 8 10 11 13 14 | 14.9
Hexes          | 5 8 10 11 13 14 | 14.8
Spellcasting   | 2 5 7 10 11 13 14 | 14.9
Ice Magic      | 2 5 7 8 10 12 14 | 14.9
Transmutations | 3 8 10 13 14 | 14.0
Earth Magic    | 3 4 |  4.0
Conjurations   | 2 7 8 10 12 13 | 13.2
Shapeshifting  | 9 10 13 14 | 14.9
Translocations | 9 14 | 14.9
Air Magic      | 3 6 8 10 11 | 11.1
Necromancy     | 4 11 12 | 12.4

Action                     |  1- 3 |  4- 6 |  7- 9 | 10-12 | 13-15 | 16-18 | 19-21 | 22-24 | 25-27 || total
---------------------------+-------+-------+-------+-------+-------+-------+-------+-------+-------++-------
  Melee: Unarmed           |   115 |   230 |   200 |   426 |   811 |   988 |  1405 |  1506 |   265 ||  5946
         Bite              |     4 |    20 |    29 |    51 |   138 |   133 |   272 |   360 |    64 ||  1071
         Punch             |     2 |    10 |     9 |    31 |    78 |    90 |   225 |   259 |    45 ||   749
         Headbutt          |       |       |    28 |    99 |   238 |   143 |   487 |     4 |    98 ||  1097
         Maw               |       |       |       |       |       |       |   440 |   722 |   123 ||  1285
   Cast: Confusing Touch   |       |       |    13 |    35 |    65 |    70 |   104 |    54 |    18 ||   359
         Ensorcelled Hiber |       |       |     8 |    29 |    74 |   400 |    90 |   101 |     9 ||   711
         Passwall          |       |       |       |     3 |     3 |    29 |       |    13 |     3 ||    51
         Ozocubu's Armour  |       |       |       |       |       |    18 |    34 |    25 |     9 ||    86
         Tukima's Dance    |       |       |       |       |       |    17 |    95 |     6 |       ||   118
         Hailstorm         |       |       |       |       |       |    59 |    88 |    14 |       ||   161
         Irradiate         |       |       |       |       |       |    42 |   144 |   192 |    37 ||   415
         Frozen Ramparts   |       |       |       |       |       |    10 |       |       |       ||    10
         Apportation       |       |       |       |       |       |     5 |     1 |     2 |     6 ||    14
         Cause Fear        |       |       |       |       |       |     1 |     1 |     1 |       ||     3
         Vhi's Electric Ch |       |       |       |       |       |       |    64 |   186 |    18 ||   268
         Freezing Cloud    |       |       |       |       |       |       |       |    37 |       ||    37
         Lesser Beckoning  |       |       |       |       |       |       |       |     7 |     7 ||    14
         Dispel Undead     |       |       |       |       |       |       |       |    18 |       ||    18
  Evoke: Wand              |       |     2 |       |     7 |    27 |    44 |    23 |    24 |    14 ||   141
         Condenser vane    |       |       |       |       |       |     2 |     2 |     1 |       ||     5
         Phial of floods   |       |       |       |       |       |     1 |     1 |     1 |       ||     3
         Lightning rod     |       |       |       |       |       |       |     4 |     7 |       ||    11
         Phantom mirror    |       |       |       |       |       |       |     1 |     3 |     1 ||     5
    Use: Scroll            |     1 |       |     6 |     6 |    11 |    15 |     4 |    18 |    14 ||    75
         Potion            |       |     4 |     2 |     1 |     5 |    11 |     2 |    19 |    23 ||    67
   Stab: Sleeping          |     6 |     8 |    12 |    29 |    53 |   249 |    86 |    66 |     5 ||   514
         Distracted        |       |       |     1 |     3 |     2 |     1 |     5 |     4 |     2 ||    18
         Confused          |       |       |     8 |    26 |    53 |    71 |   118 |    65 |    21 ||   362
         Paralysed         |       |       |     1 |       |       |       |     3 |       |     1 ||     5
         Invisible         |       |       |       |     4 |     5 |       |       |       |     9 ||    18
         Petrified         |       |       |       |       |       |     2 |       |       |       ||     2
         Petrifying        |       |       |       |       |       |     1 |       |       |       ||     1
 Armour: Skin              |    29 |    72 |    44 |    59 |   171 |   253 |   457 |   560 |   176 ||  1821
  Dodge: Dodged            |    78 |   218 |   149 |   393 |   961 |  1274 |  1612 |  1782 |   395 ||  6862
  Block: Other             |       |       |       |    64 |   148 |   164 |       |       |       ||   376
         Reflection        |       |       |       |     3 |     1 |     8 |       |       |       ||    12
   Form: Maw               |       |       |       |       |       |       |     1 |       |       ||     1

Table legend: (Time is in decaauts)
 A = Elapsed time spent in this place.
 B = Non-inter-level travel time spent in this place.
 C = Inter-level travel time spent in this place.
 D = Time resting spent in this place.
 E = Time spent auto-exploring this place.
 F = Levels seen in this place.
 G = Mean time per level.
                   A        B        C        D        E       F      G
               +--------+--------+--------+--------+--------+-----+--------+
         Total |  87631 |  82399 |   5232 |  32016 |  31079 |  54 | 1622.8 |
       Dungeon |  19984 |  18107 |   1877 |   6518 |   8105 |  15 | 1332.3 |
          Lair |   8297 |   7606 |    691 |   1746 |   4012 |   5 | 1659.4 |
        Shoals |   7022 |   6538 |    484 |   2660 |   2463 |   4 | 1755.5 |
   Spider Nest |   7866 |   7565 |    301 |   2831 |   2480 |   4 | 1966.5 |
  Orcish Mines |   3852 |   3541 |    311 |   1685 |   1071 |   2 | 1926.0 |
   Elven Halls |   6595 |   6259 |    336 |   2874 |   2183 |   3 | 2198.3 |
        Vaults |  13840 |  13358 |    482 |   4212 |   5399 |   5 | 2768.0 |
         Crypt |   1960 |   1907 |     53 |    783 |    727 |   1 | 1960.0 |
        Depths |  13224 |  12589 |    635 |   6434 |   3816 |   4 | 3306.0 |
           Zot |   3204 |   3145 |     59 |   1731 |    491 |   5 |  640.8 |
         Abyss |    533 |    533 |      0 |    151 |      0 |   2 |  266.5 |
         Trove |     79 |     79 |      0 |      0 |     44 |   1 |   79.0 |
       Ossuary |    414 |    414 |      0 |    142 |     97 |   1 |  414.0 |
        Bailey |    638 |    638 |      0 |    243 |     98 |   1 |  638.0 |
      Gauntlet |    116 |    116 |      0 |      0 |     88 |   1 |  116.0 |
               +--------+--------+--------+--------+--------+-----+--------+

Top non-repeatable levels by time:
Depths:4: 4504 daAuts
Depths:3: 4210 daAuts
Vaults:1: 4091 daAuts
Vaults:5: 3855 daAuts
    D:15: 3302 daAuts
   Elf:3: 3082 daAuts
Spider:4: 3046 daAuts
Shoals:3: 2976 daAuts
    D:14: 2954 daAuts
   Orc:2: 2705 daAuts
Vaults:3: 2485 daAuts
Depths:2: 2353 daAuts
Spider:2: 2283 daAuts
Vaults:2: 2239 daAuts
Depths:1: 2157 daAuts

Table legend:
 A = Kills in this place as a percentage of kills in the entire game.
 B = Kills by you in this place as a percentage of kills by you in the entire game.
 C = Kills by friends in this place as a percentage of kills by friends in the entire game.
 D = Other kills in this place as a percentage of other kills in the entire game.
 E = Experience gained in this place as a percentage of experience gained in the entire game.
 F = Experience gained in this place divided by the number of levels of this place that you have seen.
                   A       B       C       D       E      F
               +-------+-------+-------+-------+-------+----------------------
         Total | 100.0 | 100.0 | 100.0 | 100.0 | 100.0 | 22294.9
       Dungeon |  17.1 |  17.3 |   4.8 |  30.2 |   6.3 | 5047.2
          Lair |  10.0 |  10.3 |   4.8 |   4.7 |   5.3 | 12762.4
        Shoals |   7.1 |   6.8 |  15.7 |   4.7 |   6.6 | 19828.0
   Spider Nest |  11.4 |  11.3 |  13.3 |  14.0 |   9.5 | 28495.5
  Orcish Mines |   5.6 |   5.3 |  14.5 |   0.0 |   1.5 | 9078.5
   Elven Halls |   6.1 |   6.3 |   1.2 |   4.7 |   7.8 | 31411.3
        Vaults |  21.1 |  21.2 |  18.1 |  18.6 |  29.8 | 71845.0
         Crypt |   2.5 |   2.6 |   0.0 |   0.0 |   2.8 | 33561.0
        Depths |  12.2 |  12.5 |   2.4 |  14.0 |  20.6 | 61941.5
           Zot |   3.7 |   3.0 |  19.3 |   7.0 |   8.7 | 20953.2
         Abyss |   0.9 |   0.7 |   6.0 |   0.0 |   1.0 | 5758.5
       Ossuary |   1.4 |   1.4 |   0.0 |   2.3 |   0.0 | 265.0
        Bailey |   1.0 |   1.1 |   0.0 |   0.0 |   0.1 | 1619.0
               +-------+-------+-------+-------+-------+----------------------
